Workbook
Name ITEMS: #REF!

Sheet FICHA_2024
A1: - | B1: DESCRIPCION | C1: VALOR TOTAL (INCLUYE IVA) | D1: DESCUENTO (25%) | E1: PRECIO FINAL | F1: CATEGORIA
A2: 1 | B2: Batería completa y platos. Servicio de alquiler por 12 horas, contadas a partir del recibo a satisfacción de la entidad. // Incluye lo siguiente: Dos (2) Toms de aire, dos (2) toms de piso, Un (1) bombo, Un (1) redoblante, Una (1) silla, Una (1) base para hi-hat, Un (1) pedal sencillo, Un (1) tapete, Cinco (5) bases para platillos y Juego de platos El servicio incluye transporte, instalación en el lugar y horario especificados por la FUGA para garantizar su correcta puesta en funcionamiento. Asimismo, al finalizar el período de alquiler, se llevará a cabo su desinstalación y retirada. | C2: 791154 | D2: =C2*0.25 -> 197788.5 | E2: 593365.5 | F2: BACKLINE
A3: 2 | B3: Batería completa y platos. Servicio de alquiler por 8 horas, contadas a partir del recibo a satisfacción de la entidad. // Incluye lo siguiente: Dos (2) Toms de aire, dos (2) toms de piso, Un (1) bombo, Un (1) redoblante, Una (1) silla, Una (1) base para hi-hat, Un (1) pedal sencillo, Un (1) tapete, Cinco (5) bases para platillos y Juego de platos El servicio incluye transporte, instalación en el lugar y horario especificados por la FUGA para garantizar su correcta puesta en funcionamiento. Asimismo, al finalizar el período de alquiler, se llevará a cabo su desinstalación y retirada. | C3: 697346 | D3: =C3*0.25 -> 174336.5 | E3: 523009.5 | F3: BACKLINE
A4: 3 | B4: Amplificador para guitarra tipo combo. Servicio de alquiler por 12 horas, contadas a partir del recibo a satisfacción de la entidad. //Incluye lo siguiente: Amplificador de minimo 60W de sistema de tubos, cableado para su funcionamiento (señal y eléctrico), stand de guitarra y patineta para movilización. El servicio incluye transporte, instalación en el lugar y horario especificados por la FUGA para garantizar su correcta puesta en funcionamiento. Asimismo, al finalizar el período de alquiler, se llevará a cabo su desinstalación y retirada. | C4: 371173 | D4: =C4*0.25 -> 92793.25 | E4: 278379.75 | F4: BACKLINE
A5: 4 | B5: Amplificador para guitarra tipo combo. Servicio de alquiler por 8 horas, contadas a partir del recibo a satisfacción de la entidad. //Incluye lo siguiente: Amplificador de minimo 60W de sistema de tubos, cableado para su funcionamiento (señal y eléctrico), stand de guitarra y patineta para movilización. El servicio incluye transporte, instalación en el lugar y horario especificados por la FUGA para garantizar su correcta puesta en funcionamiento. Asimismo, al finalizar el período de alquiler, se llevará a cabo su desinstalación y retirada. | C5: 350001 | D5: =C5*0.25 -> 87500.25 | E5: 262500.75 | F5: BACKLINE
A6: 5 | B6: Amplificador para guitarra. Servicio de alquiler por 12 horas, contadas a partir del recibo a satisfacción de la entidad. //Incluye lo siguiente: Un (1) cabezote de mínimo 100W de sistema de tubos, una (1) cabina de 4 altavoces de 12", cableado para su funcionamiento (señal y eléctrico), stand de guitarra y patineta para movilización. El servicio incluye transporte, instalación en el lugar y horario especificados por la FUGA para garantizar su correcta puesta en funcionamiento. Asimismo, al finalizar el período de alquiler, se llevará a cabo su desinstalación y retirada. | C6: 380785 | D6: =C6*0.25 -> 95196.25 | E6: 285588.75 | F6: BACKLINE
A7: 6 | B7: Amplificador para guitarra. Servicio de alquiler por 8 horas, contadas a partir del recibo a satisfacción de la entidad. //Incluye lo siguiente: Un (1) cabezote de mínimo 100W de sistema de tubos, una (1) cabina de 4 altavoces de 12", cableado para su funcionamiento (señal y eléctrico), stand de guitarra y patineta para movilización. El servicio incluye transporte, instalación en el lugar y horario especificados por la FUGA para garantizar su correcta puesta en funcionamiento. Asimismo, al finalizar el período de alquiler, se llevará a cabo su desinstalación y retirada. | C7: 393750 | D7: =C7*0.25 -> 98437.5 | E7: 295312.5 | F7: BACKLINE
A8: 7 | B8: Amplificador para bajo tipo combo. Servicio de alquiler por 12 horas, contadas a partir del recibo a satisfacción de la entidad. //Incluye lo siguiente: Amplificador de minimo 500W con 2 parlantes de 10", cableado para su funcionamiento (señal y eléctrico), stand de bajo y patineta para movilización. El servicio incluye transporte, instalación en el lugar y horario especificados por la FUGA para garantizar su correcta puesta en funcionamiento. Asimismo, al finalizar el período de alquiler, se llevará a cabo su desinstalación y retirada. | C8: 402365 | D8: =C8*0.25 -> 100591.25 | E8: 301773.75 | F8: BACKLINE
A9: 8 | B9: Amplificador para bajo tipo combo. Servicio de alquiler por 8 horas, contadas a partir del recibo a satisfacción de la entidad. //Incluye lo siguiente: Amplificador de minimo 500W con 2 parlantes de 10", cableado para su funcionamiento (señal y eléctrico), stand de bajo y patineta para movilización. El servicio incluye transporte, instalación en el lugar y horario especificados por la FUGA para garantizar su correcta puesta en funcionamiento. Asimismo, al finalizar el período de alquiler, se llevará a cabo su desinstalación y retirada. | C9: 371711 | D9: =C9*0.25 -> 92927.75 | E9: 278783.25 | F9: BACKLINE
A10: 9 | B10: Amplificador para bajo. Servicio de alquiler por 12 horas, contadas a partir del recibo a satisfacción de la entidad. //Incluye lo siguiente: Un (1) cabezote de minimo 600W de sistema de tubos, una (1) cabina de 6 parlantes de 10", cableado para su funcionamiento (señal y eléctrico), stand de bajo y patineta para movilización. El servicio incluye transporte, instalación en el lugar y horario especificados por la FUGA para garantizar su correcta puesta en funcionamiento. Asimismo, al finalizar el período de alquiler, se llevará a cabo su desinstalación y retirada. | C10: 445586 | D10: =C10*0.25 -> 111396.5 | E10: 334189.5 | F10: BACKLINE
A11: 10 | B11: Amplificador para bajo. Servicio de alquiler por 8 horas, contadas a partir del recibo a satisfacción de la entidad. //Incluye lo siguiente: Un (1) cabezote de minimo 600W de sistema de tubos, una (1) cabina de 6 parlantes de 10", cableado para su funcionamiento (señal y eléctrico), stand de bajo y patineta para movilización. El servicio incluye transporte, instalación en el lugar y horario especificados por la FUGA para garantizar su correcta puesta en funcionamiento. Asimismo, al finalizar el período de alquiler, se llevará a cabo su desinstalación y retirada. | C11: 378380 | D11: =C11*0.25 -> 94595 | E11: 283785 | F11: BACKLINE
A12: 11 | B12: Teclado profesional. Servicio de alquiler por 12 horas, contadas a partir del recibo a satisfacción de la entidad. // Incluye lo siguiente: Teclado profesional (6) octavas, pedal sustain, cableado para su funcionamiento (señal y eléctrico) y stand de teclado. El servicio incluye transporte, instalación en el lugar y horario especificados por la FUGA para garantizar su correcta puesta en funcionamiento. Asimismo, al finalizar el período de alquiler, se llevará a cabo su desinstalación y retirada. | C12: 350001 | D12: =C12*0.25 -> 87500.25 | E12: 262500.75 | F12: BACKLINE
A13: 12 | B13: Teclado profesional. Servicio de alquiler por 8 horas, contadas a partir del recibo a satisfacción de la entidad. // Incluye lo siguiente: Teclado profesional (6) octavas, pedal sustain, cableado para su funcionamiento (señal y eléctrico) y stand de teclado. El servicio incluye transporte, instalación en el lugar y horario especificados por la FUGA para garantizar su correcta puesta en funcionamiento. Asimismo, al finalizar el período de alquiler, se llevará a cabo su desinstalación y retirada. | C13: 383456 | D13: =C13*0.25 -> 95864 | E13: 287592 | F13: BACKLINE
... A531: 530 | B531: Floorgraphics (Laminado para pisos) // Floorgraphics (Laminado para pisos).Película de polipropileno de 150 micras de espesor ideal para laminación de piezas publicitarios que van adheridos sobre el piso, ofrece excelente resistencia al tráfico y además su superficie por ser rugosa ofrece características antideslizantes. presentación en rollos de 122 y 140 CM X 50 Mts. Incluye instalación y transporte al lugar de instalación. Diseño suministrado por la FUGA | C531: 1511044 | D531: =C531*0.25 -> 377761 | E531: 1133283 | F531: Servicios de impresión
A532: 531 | B532: Comisión Global [9,63%]- Procederá únicamente para cada una de las siguientes actividades: 1) Reserva y compra de tiquetes aéreos y terrestres nacionales e internacionales, en caso a que haya lugar según solicitud de la FUGA. El porcentaje de administración aquí cotizado se calculará de conformidad con el valor del itinerario aéreo o terrestre aprobado por la FUGA 2) Hospedaje nacional e internacional. El porcentaje de administración aquí cotizado se calculará de conformidad con la oferta económica hotelera aprobada por la FUGA. 3) Gestión necesaria para realizar pauta a través de los medios digitales que indique la entidad. | F532: Comisión
A533: 532 | B533: Comisión por Servicios Especializados [10,20%] - Procederá únicamente para cada una de las siguientes actividades: 1) Servicios artísticos, especializados y/o comunitarios, los cuales contemplan la contratación de actividades que solamente pueden ser encomendadas a determinadas personas, tales como guías, mediadores, conferencistas, actores comunitarios, grupos poblacionales, talleristas, artistas, agrupaciones artísticas, entre otros). 2) Servicio de interpretación en lengua de señas colombiana. 3) Servicio de corrector de estilo con control de cambios para catalogos Los servicios artísticos, especializados y/o comunitarios derivados del ítem 532 de este tarifario, se podrán pagar por parte de la Fundación al Contratista adjudicatario, de conformidad con las condiciones de pago establecidas en la negociación entre la Fundación y el (los) artistas o el (los) tercero (s), hasta en tres (3) pagos de la siguiente forma: 1) Los servicios que se pacten en un (1) pago con los artistas o terceros, se pagarán a Contratista adjudicatario por parte de la Fundación, contra servicios efectivamente prestados y presentación de documentos técnicos que soporte el cumplimiento de la o las actividades. 2) Los servicios que se pacten en dos (2) pagos con los artistas o terceros, se cancelarán al Contratista adjudicatario, por parte de la Fundación de la siguiente manera: Un primer pago por concepto de suscripción del contrato, la separación de la fecha, la definición de repertorios o documento equivalente, la entrega del rider técnico o documento equivalente. La segunda etapa, será pagada por concepto de la ejecución del servicio contratado, una vez suceda materialmente y la presentación del soporte del desembolso del valor total correspondiente al artista o tercero. 3) Los servicios que se pacten en tres (3) pagos con los artistas o terceros, se cancelarán al Contratista adjudicatario, por parte de la Fundación de la siguiente manera: Un primer pago por concepto de suscripción del contrato y separación de la fecha. Un segundo pago por concepto de la definición de repertorios o documento equivalente, la entrega del rider técnico o documento equivalente y soporte del desembolso del valor correspondiente al artista o al tercero del primer pago. Un pago final por concepto de la ejecución del servicio contratado, una vez suceda materialmente y la presentación del soporte de pago de la totalidad del servicio prestado por el artista o tercero. Nota No.1: Los pagos derivados del ítem 532 de este tarifario, podrán ser cancelados al Contratista adjudicatario por parte de la Fundación, en informes parciales para lo cual no aplicará la limitante de un (1) pago mensual. Para estos efectos, se deberá presentar informe de actividades con los soportes de ejecución, factura correspondiente y parafiscales. Nota No. 2: En cada pago específico deberá cobrarse por parte del Contratista adjudicatario, el porcentaje de administración del que trata el ítem 532 de este tarifario. Nota No. 3: Los pagos derivados del ítem 532 de la ficha técnica, estan sujetos a PAC y disponibilidad de recursos. Nota No. 4: El contratista se obliga a dar cumplimiento de la negociación y las condiciones de pago pactadas entre los artístias, expertos o actores comunitarios y la FUGA en el marco de su objeto institucional y de acuerdo con lo establecido en este ítem. Nota No. 5: El pago al contratista adjudicatario de parte de la FUGA, procederá una vez se presenten los soportes documentales que den cuenta de la prestación efectiva del servicio y los soportes de pago a cada tercero de acuerdo a cada opción de pago establecida en el presente numeral. | F533: Comisión
A534: 533 | B534: Comisión por ítems no incluídos en el tarifario [4,5%] | F534: Comisión

Sheet Muelle día 1
A2: FUNDACION GILBERTO ALZATE AVENDAÑO
A3: EVENTO | B3: FESTIVAL CENTRO 2025
A4: ITEM | B4: DESCRIPCION | C4: APLICA DESCUENTO ITEM XX-XXX | D4: UNIDAD DE MEDIDA | E4: CANTIDAD | F4: VALOR SIN IVA | G4: IVA | H4: VALOR TOTAL CON IVA | I4: DESCUENTO | J4: VALOR A DESCONTAR | K4: TOTAL VALOR A FACTURAR | L4: OBSERVACIONES DEL SERVICIO
A5: 342 | B5: =IF(AND(A5>0,A5<534),VLOOKUP(A5,FICHA_2024!$A$2:$B$534,2,0),"Ingrese el numero del item") -> OPERADOR LOGÍSTICO DE PROTOCOLO que deberá cumplir con los requisitos específicos, experiencia, nivel académico y cursos de acuerdo a lo señalado en las especificaciones técnicas, por 8 horas // 1. Requisitos específicos: a) Deben ser personas con actitud de servicio, responsables, cumplidos y con excelente presentación personal. b) Estar debidamente uniformados. e) Cumplir con las funciones asignadas como equipo de primera intervención dentro del Plan de Emergencia de la Fundación. 2. Nivel académico: Mayores de edad que sean profesionales o estudiantes universitarios. 3. Cursos: a) Primeros auxilios. 10 horas. b) En temas de planes de emergencia y contingencia. 20 horas. c) Capacitación en normas de etiqueta y protocolo. 10 horas. | C5: No | D5: UN | E5: 1 | F5: =IFERROR(H5/1.19,0) -> 292724.37 | G5: =IFERROR((H5-F5),"") -> 55617.63 | H5: =IFERROR(VLOOKUP(A5,FICHA_2024!$A$2:$F$531,5,0),0) -> 348342 | I5: =IF(C5="Si","Ingrese el porcentaje","%") -> % | J5: =IF(C5="Si",(H5*I5),"$0") -> $0 | K5: =IFERROR(IF(C5="Si",H5-J5,H5*E5),0) -> 348342
A6: 334 | B6: =IF(AND(A6>0,A6<534),VLOOKUP(A6,FICHA_2024!$A$2:$B$534,2,0),"Ingrese el numero del item") -> Personal de carga // Personal de carga x 8 horas | C6: No | D6: UN | E6: 6 | F6: =IFERROR(H6/1.19,0) -> 129327.1 | G6: =IFERROR((H6-F6),"") -> 24572.149 | H6: =IFERROR(VLOOKUP(A6,FICHA_2024!$A$2:$F$531,5,0),0) -> 153899.25 | I6: =IF(C6="Si","Ingrese el porcentaje","%") -> % | J6: =IF(C6="Si",(H6*I6),"$0") -> $0 | K6: =IFERROR(IF(C6="Si",H6-J6,H6*E6),0) -> 923395.5
A7: 334 | B7: =IF(AND(A7>0,A7<534),VLOOKUP(A7,FICHA_2024!$A$2:$B$534,2,0),"Ingrese el numero del item") -> Personal de carga // Personal de carga x 8 horas | C7: No | D7: UN | E7: 2 | F7: =IFERROR(H7/1.19,0) -> 129327.1 | G7: =IFERROR((H7-F7),"") -> 24572.149 | H7: =IFERROR(VLOOKUP(A7,FICHA_2024!$A$2:$F$531,5,0),0) -> 153899.25 | I7: =IF(C7="Si","Ingrese el porcentaje","%") -> % | J7: =IF(C7="Si",(H7*I7),"$0") -> $0 | K7: =IFERROR(IF(C7="Si",H7-J7,H7*E7),0) -> 307798.5
A8: 344 | B8: =IF(AND(A8>0,A8<534),VLOOKUP(A8,FICHA_2024!$A$2:$B$534,2,0),"Ingrese el numero del item") -> Operario para montaje y desmontaje de Carga por día de servicio. con dotacion de guantes y elementos de carga. | C8: No | D8: UN | E8: 2 | F8: =IFERROR(H8/1.19,0) -> 148331.72 | G8: =IFERROR((H8-F8),"") -> 28183.027 | H8: =IFERROR(VLOOKUP(A8,FICHA_2024!$A$2:$F$531,5,0),0) -> 176514.75 | I8: =IF(C8="Si","Ingrese el porcentaje","%") -> % | J8: =IF(C8="Si",(H8*I8),"$0") -> $0 | K8: =IFERROR(IF(C8="Si",H8-J8,H8*E8),0) -> 353029.5
A9: 376 | B9: =IF(AND(A9>0,A9<534),VLOOKUP(A9,FICHA_2024!$A$2:$B$534,2,0),"Ingrese el numero del item") -> AMBULANCIA BÁSICA: Servicio / 8 Horas. De incluir equipos y personal en salud certificado por las normativas vigentes y combustible. | C9: No | D9: UN | E9: 1 | F9: =IFERROR(H9/1.19,0) -> 1199400 | G9: =IFERROR((H9-F9),"") -> 227886 | H9: =IFERROR(VLOOKUP(A9,FICHA_2024!$A$2:$F$531,5,0),0) -> 1427286 | I9: =IF(C9="Si","Ingrese el porcentaje","%") -> % | J9: =IF(C9="Si",(H9*I9),"$0") -> $0 | K9: =IFERROR(IF(C9="Si",H9-J9,H9*E9),0) -> 1427286
A10: 375 | B10: =IF(AND(A10>0,A10<534),VLOOKUP(A10,FICHA_2024!$A$2:$B$534,2,0),"Ingrese el numero del item") -> BRIGADISTA DE SALUD certificado -que deberá cumplir con los requisitos específicos, experiencia, nivel académico y cursos de acuerdo a lo señalado en las especificaciones técnicas, por 6 horas // 1. Requisitos específicos: a) Contar con los distintivos y elementos básicos que los caracterice como brigadistas. b) Administrar primeros auxilios básicos, a nivel de una primera respuesta, necesarios para estabilizar una víctima de accidente o enfermedad súbita, que ocurra dentro de las instalaciones. c) Controlar emergencias en su fase incipiente, es decir donde su integridad física no se ponga en peligro. 2. Nivel Académico: Mayores de edad que sean profesionales o estudiantes universitarios. 3. Cursos: Debe tener certificaciones de cursos en: a) Primeros auxilios. Diez (10) horas. b) En temas de planes de emergencia y contingencia. Veinte (20) horas. c) Capacitación en normas de etiqueta y protocolo. Diez (10) horas d) Contar con el carné de brigadista vigente. e) Capacitación del cuerpo de bomberos de Bogotá.4. Experiencia Requerida: Superior a dos (2) años en ejecución de labores de rescate | C10: No | D10: UN | E10: 4 | F10: =IFERROR(H10/1.19,0) -> 208494.96 | G10: =IFERROR((H10-F10),"") -> 39614.042 | H10: =IFERROR(VLOOKUP(A10,FICHA_2024!$A$2:$F$531,5,0),0) -> 248109 | I10: =IF(C10="Si","Ingrese el porcentaje","%") -> % | J10: =IF(C10="Si",(H10*I10),"$0") -> $0 | K10: =IFERROR(IF(C10="Si",H10-J10,H10*E10),0) -> 992436
A11: 266 | B11: =IF(AND(A11>0,A11<534),VLOOKUP(A11,FICHA_2024!$A$2:$B$534,2,0),"Ingrese el numero del item") -> Rompe filas acabado cromado con cordón negro. Servicio de alquiler por 12 horas, contadas a partir del recibo a satisfacción de la entidad. // Alquiler de rompe filas acabado cromado con cordón negro. Dicho servicio incluye transporte al lugar y en el horario indicado por la FUGA | C11: No | D11: UN | E11: 10 | F11: =IFERROR(H11/1.19,0) -> 86666.597 | G11: =IFERROR((H11-F11),"") -> 16466.653 | H11: =IFERROR(VLOOKUP(A11,FICHA_2024!$A$2:$F$531,5,0),0) -> 103133.25 | I11: =IF(C11="Si","Ingrese el porcentaje","%") -> % | J11: =IF(C11="Si",(H11*I11),"$0") -> $0 | K11: =IFERROR(IF(C11="Si",H11-J11,H11*E11),0) -> 1031332.5
A12: 217 | B12: =IF(AND(A12>0,A12<534),VLOOKUP(A12,FICHA_2024!$A$2:$B$534,2,0),"Ingrese el numero del item") -> Vallas de Seguridad. Servicio de alquiler por 24 horas, contadas a partir del recibo a satisfacción de la entidad. // Alquiler de vallas de seguridad o contención para evento, en tubo de 1/12" de diámetro. De acuerdo a especificaciones. En tubo 1 1⁄2” de diámetro, de la parte inferior se desprenden los soportes giratorios (patas), de sus laterales lado derecho (vista de frente) lleva dos (2) ganchos en varillas de 1⁄2” en forma de U invertida y del lado izquierdo de dos (2) acoples en tubo de 1⁄2”, donde enganchan los ganchos para unir las vallas. Todos estos componentes deben estar ubicados de forma simétrica y uniforme. . El servicio incluye transporte, instalación en el lugar y horario especificados por la FUGA para garantizar su correcta puesta en funcionamiento. Asimismo, al finalizar el período de alquiler, se llevará a cabo su desinstalación y retirada. | C12: No | D12: UN | E12: 10 | F12: =IFERROR(H12/1.19,0) -> 36402.731 | G12: =IFERROR((H12-F12),"") -> 6916.5189 | H12: =IFERROR(VLOOKUP(A12,FICHA_2024!$A$2:$F$531,5,0),0) -> 43319.25 | I12: =IF(C12="Si","Ingrese el porcentaje","%") -> % | J12: =IF(C12="Si",(H12*I12),"$0") -> $0 | K12: =IFERROR(IF(C12="Si",H12-J12,H12*E12),0) -> 433192.5
A13: 1 | B13: =IF(AND(A13>0,A13<534),VLOOKUP(A13,FICHA_2024!$A$2:$B$534,2,0),"Ingrese el numero del item") -> Batería completa y platos. Servicio de alquiler por 12 horas, contadas a partir del recibo a satisfacción de la entidad. // Incluye lo siguiente: Dos (2) Toms de aire, dos (2) toms de piso, Un (1) bombo, Un (1) redoblante, Una (1) silla, Una (1) base para hi-hat, Un (1) pedal sencillo, Un (1) tapete, Cinco (5) bases para platillos y Juego de platos El servicio incluye transporte, instalación en el lugar y horario especificados por la FUGA para garantizar su correcta puesta en funcionamiento. Asimismo, al finalizar el período de alquiler, se llevará a cabo su desinstalación y retirada. | C13: No | D13: UN | E13: 1 | F13: =IFERROR(H13/1.19,0) -> 498626.47 | G13: =IFERROR((H13-F13),"") -> 94739.029 | H13: =IFERROR(VLOOKUP(A13,FICHA_2024!$A$2:$F$531,5,0),0) -> 593365.5 | I13: =IF(C13="Si","Ingrese el porcentaje","%") -> % | J13: =IF(C13="Si",(H13*I13),"$0") -> $0 | K13: =IFERROR(IF(C13="Si",H13-J13,H13*E13),0) -> 593365.5
A14: 119 | B14: =IF(AND(A14>0,A14<534),VLOOKUP(A14,FICHA_2024!$A$2:$B$534,2,0),"Ingrese el numero del item") -> Paquete 3 de sonido. Servicio de alquiler por 12 horas, contadas a partir del recibo a satisfacción de la entidad. //Incluye lo siguiente: 4 Micrófonos inalámbricos de mano (Ítem 97) - 4 módulos de monitoreo In Ear (Ítem 99) El servicio incluye transporte, instalación en el lugar y horario especificados por la FUGA para garantizar su correcta puesta en funcionamiento. Asimismo, al finalizar el período de alquiler, se llevará a cabo su desinstalación y retirada. Se deben incluir cada uno de los complementos listados en la descripción de cada uno de los ítems que componen este paquete. | C14: No | D14: UN | E14: 1 | F14: =IFERROR(H14/1.19,0) -> 1596075 | G14: =IFERROR((H14-F14),"") -> 303254.25 | H14: =IFERROR(VLOOKUP(A14,FICHA_2024!$A$2:$F$531,5,0),0) -> 1899329.2 | I14: =IF(C14="Si","Ingrese el porcentaje","%") -> % | J14: =IF(C14="Si",(H14*I14),"$0") -> $0 | K14: =IFERROR(IF(C14="Si",H14-J14,H14*E14),0) -> 1899329.2
A15: 55 | B15: =IF(AND(A15>0,A15<534),VLOOKUP(A15,FICHA_2024!$A$2:$B$534,2,0),"Ingrese el numero del item") -> Cabina de sonido tipo Line array pasiva. Servicio de alquiler por 12 horas, contadas a partir del recibo a satisfacción de la entidad. // Incluye lo siguiente: // Incluye lo siguiente: Cabina capaz de proveer mínimo120dB SPL (RMS), sistema de amplificación (adecuado para suplir la potencia necesaria), sistema de colgado o stacking, accesorios de conexión y empalme, y cableado para su funcionamiento (señal y eléctrico). El servicio incluye transporte, instalación en el lugar y horario especificados por la FUGA para garantizar su correcta puesta en funcionamiento. Asimismo, al finalizar el período de alquiler, se llevará a cabo su desinstalación y retirada. | C15: No | D15: UN | E15: 8 | F15: =IFERROR(H15/1.19,0) -> 351601.26 | G15: =IFERROR((H15-F15),"") -> 66804.239 | H15: =IFERROR(VLOOKUP(A15,FICHA_2024!$A$2:$F$531,5,0),0) -> 418405.5 | I15: =IF(C15="Si","Ingrese el porcentaje","%") -> % | J15: =IF(C15="Si",(H15*I15),"$0") -> $0 | K15: =IFERROR(IF(C15="Si",H15-J15,H15*E15),0) -> 3347244
A16: 59 | B16: =IF(AND(A16>0,A16<534),VLOOKUP(A16,FICHA_2024!$A$2:$B$534,2,0),"Ingrese el numero del item") -> Cabina de sonido tipo Subwoofer pasiva. Servicio de alquiler por 12 horas, contadas a partir del recibo a satisfacción de la entidad. // Incluye lo siguiente: Cabina capaz de proveer mínimo 120dB SPL (RMS), sistema de amplificación (adecuado para suplir la potencia necesaria), sistema de colgado o stacking, accesorios de conexión y empalme, y cableado para su funcionamiento (señal y eléctrico). El servicio incluye transporte, instalación en el lugar y horario especificados por la FUGA para garantizar su correcta puesta en funcionamiento. Asimismo, al finalizar el período de alquiler, se llevará a cabo su desinstalación y retirada. | C16: No | D16: UN | E16: 2 | F16: =IFERROR(H16/1.19,0) -> 278781.93 | G16: =IFERROR((H16-F16),"") -> 52968.567 | H16: =IFERROR(VLOOKUP(A16,FICHA_2024!$A$2:$F$531,5,0),0) -> 331750.5 | I16: =IF(C16="Si","Ingrese el porcentaje","%") -> % | J16: =IF(C16="Si",(H16*I16),"$0") -> $0 | K16: =IFERROR(IF(C16="Si",H16-J16,H16*E16),0) -> 663501
... A28: 343 | B28: =IF(AND(A28>0,A28<534),VLOOKUP(A28,FICHA_2024!$A$2:$B$534,2,0),"Ingrese el numero del item") -> OPERADOR LOGÍSTICO que deberá cumplir con los requisitos específicos, experiencia, nivel académico y cursos de acuerdo a lo señalado en las especificaciones técnicas, por 8 horas // 1. Requisitos específicos: a) Deben ser personas con actitud de servicio, responsables, cumplidos y con excelente presentación personal. b) Estar debidamente uniformados. e) Cumplir con las funciones asignadas como equipo de primera intervención dentro del Plan de Emergencia de la Fundación. 2. Nivel académico: Mayores de edad que sean profesionales o estudiantes universitarios. 3. Cursos: a) Primeros auxilios. 10 horas. b) En temas de planes de emergencia y contingencia. 20 horas. c) Capacitación en normas de etiqueta y protocolo. 10 horas. | C28: No | D28: UN | E28: 1 | F28: =IFERROR(H28/1.19,0) -> 391433.19 | G28: =IFERROR((H28-F28),"") -> 74372.307 | H28: =IFERROR(VLOOKUP(A28,FICHA_2024!$A$2:$F$531,5,0),0) -> 465805.5 | I28: =IF(C28="Si","Ingrese el porcentaje","%") -> % | J28: =IF(C28="Si",(H28*I28),"$0") -> $0 | K28: =IFERROR(IF(C28="Si",H28-J28,H28*E28),0) -> 465805.5
J29: TOTAL | K29: =K5+K6+K7+K8+K9+K10+K11+K12+K13+K14+K15+K16+K17+K18+K19+K20+K21+K22+K23+K24+K25+K26+K27+K28 -> 28654850

Sheet Muelle día 2
A1: DESCRIPCIÓN DEL EVENTO | B1: FESTIVAL CENTRO 2025
A2: ITEM | B2: DESCRIPCION | C2: APLICA DESCUENTO ITEM XX-XXX | D2: UNIDAD DE MEDIDA | E2: CANTIDAD | F2: VALOR SIN IVA | G2: IVA | H2: VALOR TOTAL CON IVA | I2: DESCUENTO | J2: VALOR A DESCONTAR | K2: TOTAL VALOR A FACTURAR | L2: OBSERVACIONES DEL SERVICIO
A3: 343 | B3: =IF(AND(A3>0,A3<534),VLOOKUP(A3,FICHA_2024!$A$2:$B$534,2,0),"Ingrese el numero del item") -> OPERADOR LOGÍSTICO que deberá cumplir con los requisitos específicos, experiencia, nivel académico y cursos de acuerdo a lo señalado en las especificaciones técnicas, por 8 horas // 1. Requisitos específicos: a) Deben ser personas con actitud de servicio, responsables, cumplidos y con excelente presentación personal. b) Estar debidamente uniformados. e) Cumplir con las funciones asignadas como equipo de primera intervención dentro del Plan de Emergencia de la Fundación. 2. Nivel académico: Mayores de edad que sean profesionales o estudiantes universitarios. 3. Cursos: a) Primeros auxilios. 10 horas. b) En temas de planes de emergencia y contingencia. 20 horas. c) Capacitación en normas de etiqueta y protocolo. 10 horas. | C3: No | D3: UN | E3: 1 | F3: =IFERROR(H3/1.19,0) -> 391433.19 | G3: =IFERROR((H3-F3),"") -> 74372.307 | H3: =IFERROR(VLOOKUP(A3,FICHA_2024!$A$2:$F$531,5,0),0) -> 465805.5 | I3: =IF(C3="Si","Ingrese el porcentaje","%") -> % | J3: =IF(C3="Si",(H3*I3),"$0") -> $0 | K3: =IFERROR(IF(C3="Si",H3-J3,H3*E3),0) -> 465805.5
A4: 342 | B4: =IF(AND(A4>0,A4<534),VLOOKUP(A4,FICHA_2024!$A$2:$B$534,2,0),"Ingrese el numero del item") -> OPERADOR LOGÍSTICO DE PROTOCOLO que deberá cumplir con los requisitos específicos, experiencia, nivel académico y cursos de acuerdo a lo señalado en las especificaciones técnicas, por 8 horas // 1. Requisitos específicos: a) Deben ser personas con actitud de servicio, responsables, cumplidos y con excelente presentación personal. b) Estar debidamente uniformados. e) Cumplir con las funciones asignadas como equipo de primera intervención dentro del Plan de Emergencia de la Fundación. 2. Nivel académico: Mayores de edad que sean profesionales o estudiantes universitarios. 3. Cursos: a) Primeros auxilios. 10 horas. b) En temas de planes de emergencia y contingencia. 20 horas. c) Capacitación en normas de etiqueta y protocolo. 10 horas. | C4: No | D4: UN | E4: 1 | F4: =IFERROR(H4/1.19,0) -> 292724.37 | G4: =IFERROR((H4-F4),"") -> 55617.63 | H4: =IFERROR(VLOOKUP(A4,FICHA_2024!$A$2:$F$531,5,0),0) -> 348342 | I4: =IF(C4="Si","Ingrese el porcentaje","%") -> % | J4: =IF(C4="Si",(H4*I4),"$0") -> $0 | K4: =IFERROR(IF(C4="Si",H4-J4,H4*E4),0) -> 348342
A5: 335 | B5: =IF(AND(A5>0,A5<534),VLOOKUP(A5,FICHA_2024!$A$2:$B$534,2,0),"Ingrese el numero del item") -> Personal de carga // Personal de carga x 12 horas | C5: No | D5: UN | E5: 6 | F5: =IFERROR(H5/1.19,0) -> 177092.02 | G5: =IFERROR((H5-F5),"") -> 33647.483 | H5: =IFERROR(VLOOKUP(A5,FICHA_2024!$A$2:$F$531,5,0),0) -> 210739.5 | I5: =IF(C5="Si","Ingrese el porcentaje","%") -> % | J5: =IF(C5="Si",(H5*I5),"$0") -> $0 | K5: =IFERROR(IF(C5="Si",H5-J5,H5*E5),0) -> 1264437
A6: 333 | B6: =IF(AND(A6>0,A6<534),VLOOKUP(A6,FICHA_2024!$A$2:$B$534,2,0),"Ingrese el numero del item") -> Personal de carga // Personal de carga x 4 horas | C6: No | D6: UN | E6: 6 | F6: =IFERROR(H6/1.19,0) -> 80242.437 | G6: =IFERROR((H6-F6),"") -> 15246.063 | H6: =IFERROR(VLOOKUP(A6,FICHA_2024!$A$2:$F$531,5,0),0) -> 95488.5 | I6: =IF(C6="Si","Ingrese el porcentaje","%") -> % | J6: =IF(C6="Si",(H6*I6),"$0") -> $0 | K6: =IFERROR(IF(C6="Si",H6-J6,H6*E6),0) -> 572931
A7: 335 | B7: =IF(AND(A7>0,A7<534),VLOOKUP(A7,FICHA_2024!$A$2:$B$534,2,0),"Ingrese el numero del item") -> Personal de carga // Personal de carga x 12 horas | C7: No | D7: UN | E7: 2 | F7: =IFERROR(H7/1.19,0) -> 177092.02 | G7: =IFERROR((H7-F7),"") -> 33647.483 | H7: =IFERROR(VLOOKUP(A7,FICHA_2024!$A$2:$F$531,5,0),0) -> 210739.5 | I7: =IF(C7="Si","Ingrese el porcentaje","%") -> % | J7: =IF(C7="Si",(H7*I7),"$0") -> $0 | K7: =IFERROR(IF(C7="Si",H7-J7,H7*E7),0) -> 421479
A8: 333 | B8: =IF(AND(A8>0,A8<534),VLOOKUP(A8,FICHA_2024!$A$2:$B$534,2,0),"Ingrese el numero del item") -> Personal de carga // Personal de carga x 4 horas | C8: No | D8: UN | E8: 2 | F8: =IFERROR(H8/1.19,0) -> 80242.437 | G8: =IFERROR((H8-F8),"") -> 15246.063 | H8: =IFERROR(VLOOKUP(A8,FICHA_2024!$A$2:$F$531,5,0),0) -> 95488.5 | I8: =IF(C8="Si","Ingrese el porcentaje","%") -> % | J8: =IF(C8="Si",(H8*I8),"$0") -> $0 | K8: =IFERROR(IF(C8="Si",H8-J8,H8*E8),0) -> 190977
A9: 374 | B9: =IF(AND(A9>0,A9<534),VLOOKUP(A9,FICHA_2024!$A$2:$B$534,2,0),"Ingrese el numero del item") -> BRIGADISTA -que deberá cumplir con los requisitos específicos, experiencia, nivel académico y cursos de acuerdo a lo señalado en las especificaciones técnicas, por 6 horas // 1. Requisitos específicos: a) Contar con los distintivos y elementos básicos que los caracterice como brigadistas. c) Controlar emergencias en su fase incipiente, es decir donde su integridad física no se ponga en peligro. 2. Nivel Académico: Mayores de edad que sean profesionales o estudiantes universitarios. 3. Cursos: Debe tener certificaciones de cursos en: a) Primeros auxilios. Diez (10) horas. b) En temas de planes de emergencia y contingencia. Veinte (20) horas. c) Capacitación en normas de etiqueta y protocolo. Diez (10) horas d) Contar con el carné de brigadista vigente. e) Capacitación del cuerpo de bomberos de Bogotá. 4. Experiencia Requerida: Superior a dos (2) años en ejecución de labores de rescate | C9: No | D9: UN | E9: 2 | F9: =IFERROR(H9/1.19,0) -> 218229.83 | G9: =IFERROR((H9-F9),"") -> 41463.668 | H9: =IFERROR(VLOOKUP(A9,FICHA_2024!$A$2:$F$531,5,0),0) -> 259693.5 | I9: =IF(C9="Si","Ingrese el porcentaje","%") -> % | J9: =IF(C9="Si",(H9*I9),"$0") -> $0 | K9: =IFERROR(IF(C9="Si",H9-J9,H9*E9),0) -> 519387
A10: 345 | B10: =IF(AND(A10>0,A10<534),VLOOKUP(A10,FICHA_2024!$A$2:$B$534,2,0),"Ingrese el numero del item") -> Operario para montaje y desmontaje por 8 horas, con dotacion de guantes e identificacion de la empresa. | C10: No | D10: UN | E10: 2 | F10: =IFERROR(H10/1.19,0) -> 137751.68 | G10: =IFERROR((H10-F10),"") -> 26172.819 | H10: =IFERROR(VLOOKUP(A10,FICHA_2024!$A$2:$F$531,5,0),0) -> 163924.5 | I10: =IF(C10="Si","Ingrese el porcentaje","%") -> % | J10: =IF(C10="Si",(H10*I10),"$0") -> $0 | K10: =IFERROR(IF(C10="Si",H10-J10,H10*E10),0) -> 327849
A11: 376 | B11: =IF(AND(A11>0,A11<534),VLOOKUP(A11,FICHA_2024!$A$2:$B$534,2,0),"Ingrese el numero del item") -> AMBULANCIA BÁSICA: Servicio / 8 Horas. De incluir equipos y personal en salud certificado por las normativas vigentes y combustible. | C11: No | D11: UN | E11: 1 | F11: =IFERROR(H11/1.19,0) -> 1199400 | G11: =IFERROR((H11-F11),"") -> 227886 | H11: =IFERROR(VLOOKUP(A11,FICHA_2024!$A$2:$F$531,5,0),0) -> 1427286 | I11: =IF(C11="Si","Ingrese el porcentaje","%") -> % | J11: =IF(C11="Si",(H11*I11),"$0") -> $0 | K11: =IFERROR(IF(C11="Si",H11-J11,H11*E11),0) -> 1427286
A12: 375 | B12: =IF(AND(A12>0,A12<534),VLOOKUP(A12,FICHA_2024!$A$2:$B$534,2,0),"Ingrese el numero del item") -> BRIGADISTA DE SALUD certificado -que deberá cumplir con los requisitos específicos, experiencia, nivel académico y cursos de acuerdo a lo señalado en las especificaciones técnicas, por 6 horas // 1. Requisitos específicos: a) Contar con los distintivos y elementos básicos que los caracterice como brigadistas. b) Administrar primeros auxilios básicos, a nivel de una primera respuesta, necesarios para estabilizar una víctima de accidente o enfermedad súbita, que ocurra dentro de las instalaciones. c) Controlar emergencias en su fase incipiente, es decir donde su integridad física no se ponga en peligro. 2. Nivel Académico: Mayores de edad que sean profesionales o estudiantes universitarios. 3. Cursos: Debe tener certificaciones de cursos en: a) Primeros auxilios. Diez (10) horas. b) En temas de planes de emergencia y contingencia. Veinte (20) horas. c) Capacitación en normas de etiqueta y protocolo. Diez (10) horas d) Contar con el carné de brigadista vigente. e) Capacitación del cuerpo de bomberos de Bogotá.4. Experiencia Requerida: Superior a dos (2) años en ejecución de labores de rescate | C12: No | D12: UN | E12: 4 | F12: =IFERROR(H12/1.19,0) -> 208494.96 | G12: =IFERROR((H12-F12),"") -> 39614.042 | H12: =IFERROR(VLOOKUP(A12,FICHA_2024!$A$2:$F$531,5,0),0) -> 248109 | I12: =IF(C12="Si","Ingrese el porcentaje","%") -> % | J12: =IF(C12="Si",(H12*I12),"$0") -> $0 | K12: =IFERROR(IF(C12="Si",H12-J12,H12*E12),0) -> 992436
A13: 266 | B13: =IF(AND(A13>0,A13<534),VLOOKUP(A13,FICHA_2024!$A$2:$B$534,2,0),"Ingrese el numero del item") -> Rompe filas acabado cromado con cordón negro. Servicio de alquiler por 12 horas, contadas a partir del recibo a satisfacción de la entidad. // Alquiler de rompe filas acabado cromado con cordón negro. Dicho servicio incluye transporte al lugar y en el horario indicado por la FUGA | C13: No | D13: UN | E13: 10 | F13: =IFERROR(H13/1.19,0) -> 86666.597 | G13: =IFERROR((H13-F13),"") -> 16466.653 | H13: =IFERROR(VLOOKUP(A13,FICHA_2024!$A$2:$F$531,5,0),0) -> 103133.25 | I13: =IF(C13="Si","Ingrese el porcentaje","%") -> % | J13: =IF(C13="Si",(H13*I13),"$0") -> $0 | K13: =IFERROR(IF(C13="Si",H13-J13,H13*E13),0) -> 1031332.5
A14: 217 | B14: =IF(AND(A14>0,A14<534),VLOOKUP(A14,FICHA_2024!$A$2:$B$534,2,0),"Ingrese el numero del item") -> Vallas de Seguridad. Servicio de alquiler por 24 horas, contadas a partir del recibo a satisfacción de la entidad. // Alquiler de vallas de seguridad o contención para evento, en tubo de 1/12" de diámetro. De acuerdo a especificaciones. En tubo 1 1⁄2” de diámetro, de la parte inferior se desprenden los soportes giratorios (patas), de sus laterales lado derecho (vista de frente) lleva dos (2) ganchos en varillas de 1⁄2” en forma de U invertida y del lado izquierdo de dos (2) acoples en tubo de 1⁄2”, donde enganchan los ganchos para unir las vallas. Todos estos componentes deben estar ubicados de forma simétrica y uniforme. . El servicio incluye transporte, instalación en el lugar y horario especificados por la FUGA para garantizar su correcta puesta en funcionamiento. Asimismo, al finalizar el período de alquiler, se llevará a cabo su desinstalación y retirada. | C14: No | D14: UN | E14: 10 | F14: =IFERROR(H14/1.19,0) -> 36402.731 | G14: =IFERROR((H14-F14),"") -> 6916.5189 | H14: =IFERROR(VLOOKUP(A14,FICHA_2024!$A$2:$F$531,5,0),0) -> 43319.25 | I14: =IF(C14="Si","Ingrese el porcentaje","%") -> % | J14: =IF(C14="Si",(H14*I14),"$0") -> $0 | K14: =IFERROR(IF(C14="Si",H14-J14,H14*E14),0) -> 433192.5
... A28: 506 | B28: =IF(AND(A28>0,A28<534),VLOOKUP(A28,FICHA_2024!$A$2:$B$534,2,0),"Ingrese el numero del item") -> Manillas para identificación personal en áreas de trabajo y participantes de los eventos. Manilla: Manillas de identificación para eventos en papel tyvek estampadas de diferentes colores. De 2 cm de ancho. Diseño, colores (fluorescentes), texto y logos entregado por la FUGA | C28: No | D28: UN | E28: 12 | F28: =IFERROR(H28/1.19,0) -> 205462.18 | G28: =IFERROR((H28-F28),"") -> 39037.815 | H28: =IFERROR(VLOOKUP(A28,FICHA_2024!$A$2:$F$531,5,0),0) -> 244500 | I28: =IF(C28="Si","Ingrese el porcentaje","%") -> % | J28: =IF(C28="Si",(H28*I28),"$0") -> $0 | K28: =IFERROR(IF(C28="Si",H28-J28,H28*E28),0) -> 2934000
J29: TOTAL | K29: =K3+K4+K5+K6+K7+K8+K9+K10+K11+K12+K13+K14+K15+K16+K17+K18+K19+K20+K21+K22+K23+K24+K25+K26+K27+K28 -> 28410326

Sheet CNA Día 1
A1: DESCRIPCIÓN DEL EVENTO | B1: FESTIVLA CENTRO 2025
A2: ITEM | B2: DESCRIPCION | C2: APLICA DESCUENTO ITEM XX-XXX | D2: UNIDAD DE MEDIDA | E2: CANTIDAD | F2: VALOR SIN IVA | G2: IVA | H2: VALOR TOTAL CON IVA | I2: DESCUENTO | J2: VALOR A DESCONTAR | K2: TOTAL VALOR A FACTURAR | L2: OBSERVACIONES DEL SERVICIO
A3: 366 | B3: =IF(AND(A3>0,A3<534),VLOOKUP(A3,FICHA_2024!$A$2:$B$534,2,0),"Ingrese el numero del item") -> Gestor de permisos 2 // Responsable de tramitar los permisos y gestionar los documentos requeridos por las diferentes entidades que autorizan el SUGA para la realización de eventos de alta complejidad, de acuerdo a los lineamientos señalados en el protocolo de aglomeraciones de SIRE. Además, debe incluir la elaboración y presentación de un plan de emergencias y contingencias y registrarlo en la ventanilla única del SUGA en las condiciones y términos establecidos en el decreto 599 de 2013, y la elaboración de planos del evento // incluir valor estimado para pago de permisos de huella sonora // incluir valores estimados para pagos de póliza. | C3: No | D3: UN | E3: 1 | F3: =IFERROR(H3/1.19,0) -> 26506804 | G3: =IFERROR((H3-F3),"") -> 5036292.7 | H3: =IFERROR(VLOOKUP(A3,FICHA_2024!$A$2:$F$531,5,0),0) -> 31543096 | I3: =IF(C3="Si","Ingrese el porcentaje","%") -> % | J3: =IF(C3="Si",(H3*I3),"$0") -> $0 | K3: =IFERROR(IF(C3="Si",H3-J3,H3*E3),0) -> 31543096
A4: 342 | B4: =IF(AND(A4>0,A4<534),VLOOKUP(A4,FICHA_2024!$A$2:$B$534,2,0),"Ingrese el numero del item") -> OPERADOR LOGÍSTICO DE PROTOCOLO que deberá cumplir con los requisitos específicos, experiencia, nivel académico y cursos de acuerdo a lo señalado en las especificaciones técnicas, por 8 horas // 1. Requisitos específicos: a) Deben ser personas con actitud de servicio, responsables, cumplidos y con excelente presentación personal. b) Estar debidamente uniformados. e) Cumplir con las funciones asignadas como equipo de primera intervención dentro del Plan de Emergencia de la Fundación. 2. Nivel académico: Mayores de edad que sean profesionales o estudiantes universitarios. 3. Cursos: a) Primeros auxilios. 10 horas. b) En temas de planes de emergencia y contingencia. 20 horas. c) Capacitación en normas de etiqueta y protocolo. 10 horas. | C4: No | D4: UN | E4: 3 | F4: =IFERROR(H4/1.19,0) -> 292724.37 | G4: =IFERROR((H4-F4),"") -> 55617.63 | H4: =IFERROR(VLOOKUP(A4,FICHA_2024!$A$2:$F$531,5,0),0) -> 348342 | I4: =IF(C4="Si","Ingrese el porcentaje","%") -> % | J4: =IF(C4="Si",(H4*I4),"$0") -> $0 | K4: =IFERROR(IF(C4="Si",H4-J4,H4*E4),0) -> 1045026
A5: 334 | B5: =IF(AND(A5>0,A5<534),VLOOKUP(A5,FICHA_2024!$A$2:$B$534,2,0),"Ingrese el numero del item") -> Personal de carga // Personal de carga x 8 horas | C5: No | D5: UN | E5: 20 | F5: =IFERROR(H5/1.19,0) -> 129327.1 | G5: =IFERROR((H5-F5),"") -> 24572.149 | H5: =IFERROR(VLOOKUP(A5,FICHA_2024!$A$2:$F$531,5,0),0) -> 153899.25 | I5: =IF(C5="Si","Ingrese el porcentaje","%") -> % | J5: =IF(C5="Si",(H5*I5),"$0") -> $0 | K5: =IFERROR(IF(C5="Si",H5-J5,H5*E5),0) -> 3077985
A6: 334 | B6: =IF(AND(A6>0,A6<534),VLOOKUP(A6,FICHA_2024!$A$2:$B$534,2,0),"Ingrese el numero del item") -> Personal de carga // Personal de carga x 8 horas | C6: No | D6: UN | E6: 2 | F6: =IFERROR(H6/1.19,0) -> 129327.1 | G6: =IFERROR((H6-F6),"") -> 24572.149 | H6: =IFERROR(VLOOKUP(A6,FICHA_2024!$A$2:$F$531,5,0),0) -> 153899.25 | I6: =IF(C6="Si","Ingrese el porcentaje","%") -> % | J6: =IF(C6="Si",(H6*I6),"$0") -> $0 | K6: =IFERROR(IF(C6="Si",H6-J6,H6*E6),0) -> 307798.5
A7: 344 | B7: =IF(AND(A7>0,A7<534),VLOOKUP(A7,FICHA_2024!$A$2:$B$534,2,0),"Ingrese el numero del item") -> Operario para montaje y desmontaje de Carga por día de servicio. con dotacion de guantes y elementos de carga. | C7: No | D7: UN | E7: 4 | F7: =IFERROR(H7/1.19,0) -> 148331.72 | G7: =IFERROR((H7-F7),"") -> 28183.027 | H7: =IFERROR(VLOOKUP(A7,FICHA_2024!$A$2:$F$531,5,0),0) -> 176514.75 | I7: =IF(C7="Si","Ingrese el porcentaje","%") -> % | J7: =IF(C7="Si",(H7*I7),"$0") -> $0 | K7: =IFERROR(IF(C7="Si",H7-J7,H7*E7),0) -> 706059
A8: 381 | B8: =IF(AND(A8>0,A8<534),VLOOKUP(A8,FICHA_2024!$A$2:$B$534,2,0),"Ingrese el numero del item") -> AMBULANCIA MEDICALIZADA: Servicio / 8 Horas De incluir equipos y personal en salud certificado por las normativas vigentes y combustible. | C8: No | D8: UN | E8: 1 | F8: =IFERROR(H8/1.19,0) -> 1477552.3 | G8: =IFERROR((H8-F8),"") -> 280734.94 | H8: =IFERROR(VLOOKUP(A8,FICHA_2024!$A$2:$F$531,5,0),0) -> 1758287.2 | I8: =IF(C8="Si","Ingrese el porcentaje","%") -> % | J8: =IF(C8="Si",(H8*I8),"$0") -> $0 | K8: =IFERROR(IF(C8="Si",H8-J8,H8*E8),0) -> 1758287.2
A9: 369 | B9: =IF(AND(A9>0,A9<534),VLOOKUP(A9,FICHA_2024!$A$2:$B$534,2,0),"Ingrese el numero del item") -> SERVICIO DE SALUD // Servicio de salud autorizado para la realización de espectáculos públicos o aglomeraciones, conforme el decreto 599 de 2013, modificado parcialmente por el decreto distrital 622 de 2016, y la resolución 569 de 2014 y/o con la normativa que las adicione, modifique o sustituya. Condiciones del servicio requerido: Termino de 4 horas. Número de auxiliares de enfermería 4 Número de médicos 1 Número de Mec 1 fijo establecido para la evaluación y asistencia médica inicial con el apoyo de dos auxiliares de enfermería, donde se categoriza la condición clínica del paciente o lesionado y se inicia o continua la atención médica, la estabilización del lesionado y la preparación para el traslado del afectado a una institución de salud durante una aglomeración de público o en situaciones de emergencia o desastre, el cual debe cumplir con los requisitos mínimos establecidos en el presente documento. Los recursos de los Módulos de Estabilización y Clasificación MEC (humanos, medicamentos, dispositivos médicos, insumos y equipos) serán independientes de los ubicados en las ambulancias asignadas al evento. | C9: No | D9: UN | E9: 2 | F9: =IFERROR(H9/1.19,0) -> 2780040.1 | G9: =IFERROR((H9-F9),"") -> 528207.62 | H9: =IFERROR(VLOOKUP(A9,FICHA_2024!$A$2:$F$531,5,0),0) -> 3308247.8 | I9: =IF(C9="Si","Ingrese el porcentaje","%") -> % | J9: =IF(C9="Si",(H9*I9),"$0") -> $0 | K9: =IFERROR(IF(C9="Si",H9-J9,H9*E9),0) -> 6616495.5
A10: 375 | B10: =IF(AND(A10>0,A10<534),VLOOKUP(A10,FICHA_2024!$A$2:$B$534,2,0),"Ingrese el numero del item") -> BRIGADISTA DE SALUD certificado -que deberá cumplir con los requisitos específicos, experiencia, nivel académico y cursos de acuerdo a lo señalado en las especificaciones técnicas, por 6 horas // 1. Requisitos específicos: a) Contar con los distintivos y elementos básicos que los caracterice como brigadistas. b) Administrar primeros auxilios básicos, a nivel de una primera respuesta, necesarios para estabilizar una víctima de accidente o enfermedad súbita, que ocurra dentro de las instalaciones. c) Controlar emergencias en su fase incipiente, es decir donde su integridad física no se ponga en peligro. 2. Nivel Académico: Mayores de edad que sean profesionales o estudiantes universitarios. 3. Cursos: Debe tener certificaciones de cursos en: a) Primeros auxilios. Diez (10) horas. b) En temas de planes de emergencia y contingencia. Veinte (20) horas. c) Capacitación en normas de etiqueta y protocolo. Diez (10) horas d) Contar con el carné de brigadista vigente. e) Capacitación del cuerpo de bomberos de Bogotá.4. Experiencia Requerida: Superior a dos (2) años en ejecución de labores de rescate | C10: No | D10: UN | E10: 6 | F10: =IFERROR(H10/1.19,0) -> 208494.96 | G10: =IFERROR((H10-F10),"") -> 39614.042 | H10: =IFERROR(VLOOKUP(A10,FICHA_2024!$A$2:$F$531,5,0),0) -> 248109 | I10: =IF(C10="Si","Ingrese el porcentaje","%") -> % | J10: =IF(C10="Si",(H10*I10),"$0") -> $0 | K10: =IFERROR(IF(C10="Si",H10-J10,H10*E10),0) -> 1488654
A11: 346 | B11: =IF(AND(A11>0,A11<534),VLOOKUP(A11,FICHA_2024!$A$2:$B$534,2,0),"Ingrese el numero del item") -> Personal de aseo y limpieza por 4 horas. Con dotación de guantes para aseo, recogedor, escoba y bolsas de basura. | C11: No | D11: UN | E11: 8 | F11: =IFERROR(H11/1.19,0) -> 118186.76 | G11: =IFERROR((H11-F11),"") -> 22455.485 | H11: =IFERROR(VLOOKUP(A11,FICHA_2024!$A$2:$F$531,5,0),0) -> 140642.25 | I11: =IF(C11="Si","Ingrese el porcentaje","%") -> % | J11: =IF(C11="Si",(H11*I11),"$0") -> $0 | K11: =IFERROR(IF(C11="Si",H11-J11,H11*E11),0) -> 1125138
A12: 33 | B12: =IF(AND(A12>0,A12<534),VLOOKUP(A12,FICHA_2024!$A$2:$B$534,2,0),"Ingrese el numero del item") -> Juego de platos. Servicio de alquiler por 12 horas, contadas a partir del recibo a satisfacción de la entidad. // Incluye lo siguiente: Mínimo 6 Platos y máquina de Hi-Hat. El servicio incluye transporte, instalación en el lugar y horario especificados por la FUGA para garantizar su correcta puesta en funcionamiento. Asimismo, al finalizar el período de alquiler, se llevará a cabo su desinstalación y retirada. | C12: No | D12: UN | E12: 1 | F12: =IFERROR(H12/1.19,0) -> 191586.55 | G12: =IFERROR((H12-F12),"") -> 36401.445 | H12: =IFERROR(VLOOKUP(A12,FICHA_2024!$A$2:$F$531,5,0),0) -> 227988 | I12: =IF(C12="Si","Ingrese el porcentaje","%") -> % | J12: =IF(C12="Si",(H12*I12),"$0") -> $0 | K12: =IFERROR(IF(C12="Si",H12-J12,H12*E12),0) -> 227988
A13: 5 | B13: =IF(AND(A13>0,A13<534),VLOOKUP(A13,FICHA_2024!$A$2:$B$534,2,0),"Ingrese el numero del item") -> Amplificador para guitarra. Servicio de alquiler por 12 horas, contadas a partir del recibo a satisfacción de la entidad. //Incluye lo siguiente: Un (1) cabezote de mínimo 100W de sistema de tubos, una (1) cabina de 4 altavoces de 12", cableado para su funcionamiento (señal y eléctrico), stand de guitarra y patineta para movilización. El servicio incluye transporte, instalación en el lugar y horario especificados por la FUGA para garantizar su correcta puesta en funcionamiento. Asimismo, al finalizar el período de alquiler, se llevará a cabo su desinstalación y retirada. | C13: No | D13: UN | E13: 1 | F13: =IFERROR(H13/1.19,0) -> 239990.55 | G13: =IFERROR((H13-F13),"") -> 45598.204 | H13: =IFERROR(VLOOKUP(A13,FICHA_2024!$A$2:$F$531,5,0),0) -> 285588.75 | I13: =IF(C13="Si","Ingrese el porcentaje","%") -> % | J13: =IF(C13="Si",(H13*I13),"$0") -> $0 | K13: =IFERROR(IF(C13="Si",H13-J13,H13*E13),0) -> 285588.75
A14: 29 | B14: =IF(AND(A14>0,A14<534),VLOOKUP(A14,FICHA_2024!$A$2:$B$534,2,0),"Ingrese el numero del item") -> Bombo de batería. Servicio de alquiler por 12 horas, contadas a partir del recibo a satisfacción de la entidad. // Con pedal tipo twin. Medidas 18 pulgadas/20 pulgadas/22 pulgadas. . El servicio incluye transporte, instalación en el lugar y horario especificados por la FUGA para garantizar su correcta puesta en funcionamiento. Asimismo, al finalizar el período de alquiler, se llevará a cabo su desinstalación y retirada. | C14: No | D14: UN | E14: 1 | F14: =IFERROR(H14/1.19,0) -> 225649.16 | G14: =IFERROR((H14-F14),"") -> 42873.34 | H14: =IFERROR(VLOOKUP(A14,FICHA_2024!$A$2:$F$531,5,0),0) -> 268522.5 | I14: =IF(C14="Si","Ingrese el porcentaje","%") -> % | J14: =IF(C14="Si",(H14*I14),"$0") -> $0 | K14: =IFERROR(IF(C14="Si",H14-J14,H14*E14),0) -> 268522.5
... A21: 506 | B21: =IF(AND(A21>0,A21<534),VLOOKUP(A21,FICHA_2024!$A$2:$B$534,2,0),"Ingrese el numero del item") -> Manillas para identificación personal en áreas de trabajo y participantes de los eventos. Manilla: Manillas de identificación para eventos en papel tyvek estampadas de diferentes colores. De 2 cm de ancho. Diseño, colores (fluorescentes), texto y logos entregado por la FUGA | C21: No | D21: UN | E21: 12 | F21: =IFERROR(H21/1.19,0) -> 205462.18 | G21: =IFERROR((H21-F21),"") -> 39037.815 | H21: =IFERROR(VLOOKUP(A21,FICHA_2024!$A$2:$F$531,5,0),0) -> 244500 | I21: =IF(C21="Si","Ingrese el porcentaje","%") -> % | J21: =IF(C21="Si",(H21*I21),"$0") -> $0 | K21: =IFERROR(IF(C21="Si",H21-J21,H21*E21),0) -> 2934000
J22: TOTAL | K22: =K3+K4+K5+K6+K7+K8+K9+K10+K11+K12+K16+K17+K18+K19+K20+K21 -> 66265982

Sheet CNA Día 2
A1: DESCRIPCIÓN DEL EVENTO | B1: Festival centro 2025
A2: ITEM | B2: DESCRIPCION | C2: APLICA DESCUENTO ITEM XX-XXX | D2: UNIDAD DE MEDIDA | E2: CANTIDAD | F2: VALOR SIN IVA | G2: IVA | H2: VALOR TOTAL CON IVA | I2: DESCUENTO | J2: VALOR A DESCONTAR | K2: TOTAL VALOR A FACTURAR | L2: OBSERVACIONES DEL SERVICIO
A3: 343 | B3: =IF(AND(A3>0,A3<534),VLOOKUP(A3,FICHA_2024!$A$2:$B$534,2,0),"Ingrese el numero del item") -> OPERADOR LOGÍSTICO que deberá cumplir con los requisitos específicos, experiencia, nivel académico y cursos de acuerdo a lo señalado en las especificaciones técnicas, por 8 horas // 1. Requisitos específicos: a) Deben ser personas con actitud de servicio, responsables, cumplidos y con excelente presentación personal. b) Estar debidamente uniformados. e) Cumplir con las funciones asignadas como equipo de primera intervención dentro del Plan de Emergencia de la Fundación. 2. Nivel académico: Mayores de edad que sean profesionales o estudiantes universitarios. 3. Cursos: a) Primeros auxilios. 10 horas. b) En temas de planes de emergencia y contingencia. 20 horas. c) Capacitación en normas de etiqueta y protocolo. 10 horas. | C3: No | D3: UN | E3: 3 | F3: =IFERROR(H3/1.19,0) -> 391433.19 | G3: =IFERROR((H3-F3),"") -> 74372.307 | H3: =IFERROR(VLOOKUP(A3,FICHA_2024!$A$2:$F$531,5,0),0) -> 465805.5 | I3: =IF(C3="Si","Ingrese el porcentaje","%") -> % | J3: =IF(C3="Si",(H3*I3),"$0") -> $0 | K3: =IFERROR(IF(C3="Si",H3-J3,H3*E3),0) -> 1397416.5
A4: 342 | B4: =IF(AND(A4>0,A4<534),VLOOKUP(A4,FICHA_2024!$A$2:$B$534,2,0),"Ingrese el numero del item") -> OPERADOR LOGÍSTICO DE PROTOCOLO que deberá cumplir con los requisitos específicos, experiencia, nivel académico y cursos de acuerdo a lo señalado en las especificaciones técnicas, por 8 horas // 1. Requisitos específicos: a) Deben ser personas con actitud de servicio, responsables, cumplidos y con excelente presentación personal. b) Estar debidamente uniformados. e) Cumplir con las funciones asignadas como equipo de primera intervención dentro del Plan de Emergencia de la Fundación. 2. Nivel académico: Mayores de edad que sean profesionales o estudiantes universitarios. 3. Cursos: a) Primeros auxilios. 10 horas. b) En temas de planes de emergencia y contingencia. 20 horas. c) Capacitación en normas de etiqueta y protocolo. 10 horas. | C4: No | D4: UN | E4: 3 | F4: =IFERROR(H4/1.19,0) -> 292724.37 | G4: =IFERROR((H4-F4),"") -> 55617.63 | H4: =IFERROR(VLOOKUP(A4,FICHA_2024!$A$2:$F$531,5,0),0) -> 348342 | I4: =IF(C4="Si","Ingrese el porcentaje","%") -> % | J4: =IF(C4="Si",(H4*I4),"$0") -> $0 | K4: =IFERROR(IF(C4="Si",H4-J4,H4*E4),0) -> 1045026
A5: 335 | B5: =IF(AND(A5>0,A5<534),VLOOKUP(A5,FICHA_2024!$A$2:$B$534,2,0),"Ingrese el numero del item") -> Personal de carga // Personal de carga x 12 horas | C5: No | D5: UN | E5: 20 | F5: =IFERROR(H5/1.19,0) -> 177092.02 | G5: =IFERROR((H5-F5),"") -> 33647.483 | H5: =IFERROR(VLOOKUP(A5,FICHA_2024!$A$2:$F$531,5,0),0) -> 210739.5 | I5: =IF(C5="Si","Ingrese el porcentaje","%") -> % | J5: =IF(C5="Si",(H5*I5),"$0") -> $0 | K5: =IFERROR(IF(C5="Si",H5-J5,H5*E5),0) -> 4214790
A6: 333 | B6: =IF(AND(A6>0,A6<534),VLOOKUP(A6,FICHA_2024!$A$2:$B$534,2,0),"Ingrese el numero del item") -> Personal de carga // Personal de carga x 4 horas | C6: No | D6: UN | E6: 20 | F6: =IFERROR(H6/1.19,0) -> 80242.437 | G6: =IFERROR((H6-F6),"") -> 15246.063 | H6: =IFERROR(VLOOKUP(A6,FICHA_2024!$A$2:$F$531,5,0),0) -> 95488.5 | I6: =IF(C6="Si","Ingrese el porcentaje","%") -> % | J6: =IF(C6="Si",(H6*I6),"$0") -> $0 | K6: =IFERROR(IF(C6="Si",H6-J6,H6*E6),0) -> 1909770
A7: 335 | B7: =IF(AND(A7>0,A7<534),VLOOKUP(A7,FICHA_2024!$A$2:$B$534,2,0),"Ingrese el numero del item") -> Personal de carga // Personal de carga x 12 horas | C7: No | D7: UN | E7: 2 | F7: =IFERROR(H7/1.19,0) -> 177092.02 | G7: =IFERROR((H7-F7),"") -> 33647.483 | H7: =IFERROR(VLOOKUP(A7,FICHA_2024!$A$2:$F$531,5,0),0) -> 210739.5 | I7: =IF(C7="Si","Ingrese el porcentaje","%") -> % | J7: =IF(C7="Si",(H7*I7),"$0") -> $0 | K7: =IFERROR(IF(C7="Si",H7-J7,H7*E7),0) -> 421479
A8: 333 | B8: =IF(AND(A8>0,A8<534),VLOOKUP(A8,FICHA_2024!$A$2:$B$534,2,0),"Ingrese el numero del item") -> Personal de carga // Personal de carga x 4 horas | C8: No | D8: UN | E8: 2 | F8: =IFERROR(H8/1.19,0) -> 80242.437 | G8: =IFERROR((H8-F8),"") -> 15246.063 | H8: =IFERROR(VLOOKUP(A8,FICHA_2024!$A$2:$F$531,5,0),0) -> 95488.5 | I8: =IF(C8="Si","Ingrese el porcentaje","%") -> % | J8: =IF(C8="Si",(H8*I8),"$0") -> $0 | K8: =IFERROR(IF(C8="Si",H8-J8,H8*E8),0) -> 190977
A9: 374 | B9: =IF(AND(A9>0,A9<534),VLOOKUP(A9,FICHA_2024!$A$2:$B$534,2,0),"Ingrese el numero del item") -> BRIGADISTA -que deberá cumplir con los requisitos específicos, experiencia, nivel académico y cursos de acuerdo a lo señalado en las especificaciones técnicas, por 6 horas // 1. Requisitos específicos: a) Contar con los distintivos y elementos básicos que los caracterice como brigadistas. c) Controlar emergencias en su fase incipiente, es decir donde su integridad física no se ponga en peligro. 2. Nivel Académico: Mayores de edad que sean profesionales o estudiantes universitarios. 3. Cursos: Debe tener certificaciones de cursos en: a) Primeros auxilios. Diez (10) horas. b) En temas de planes de emergencia y contingencia. Veinte (20) horas. c) Capacitación en normas de etiqueta y protocolo. Diez (10) horas d) Contar con el carné de brigadista vigente. e) Capacitación del cuerpo de bomberos de Bogotá. 4. Experiencia Requerida: Superior a dos (2) años en ejecución de labores de rescate | C9: No | D9: UN | E9: 4 | F9: =IFERROR(H9/1.19,0) -> 218229.83 | G9: =IFERROR((H9-F9),"") -> 41463.668 | H9: =IFERROR(VLOOKUP(A9,FICHA_2024!$A$2:$F$531,5,0),0) -> 259693.5 | I9: =IF(C9="Si","Ingrese el porcentaje","%") -> % | J9: =IF(C9="Si",(H9*I9),"$0") -> $0 | K9: =IFERROR(IF(C9="Si",H9-J9,H9*E9),0) -> 1038774
A10: 345 | B10: =IF(AND(A10>0,A10<534),VLOOKUP(A10,FICHA_2024!$A$2:$B$534,2,0),"Ingrese el numero del item") -> Operario para montaje y desmontaje por 8 horas, con dotacion de guantes e identificacion de la empresa. | C10: No | D10: UN | E10: 4 | F10: =IFERROR(H10/1.19,0) -> 137751.68 | G10: =IFERROR((H10-F10),"") -> 26172.819 | H10: =IFERROR(VLOOKUP(A10,FICHA_2024!$A$2:$F$531,5,0),0) -> 163924.5 | I10: =IF(C10="Si","Ingrese el porcentaje","%") -> % | J10: =IF(C10="Si",(H10*I10),"$0") -> $0 | K10: =IFERROR(IF(C10="Si",H10-J10,H10*E10),0) -> 655698
A11: 380 | B11: =IF(AND(A11>0,A11<534),VLOOKUP(A11,FICHA_2024!$A$2:$B$534,2,0),"Ingrese el numero del item") -> AMBULANCIA MEDICALIZADA: Servicio / 12 Horas De incluir equipos y personal en salud certificado por las normativas vigentes y combustible. | C11: No | D11: UN | E11: 1 | F11: =IFERROR(H11/1.19,0) -> 1958850 | G11: =IFERROR((H11-F11),"") -> 372181.5 | H11: =IFERROR(VLOOKUP(A11,FICHA_2024!$A$2:$F$531,5,0),0) -> 2331031.5 | I11: =IF(C11="Si","Ingrese el porcentaje","%") -> % | J11: =IF(C11="Si",(H11*I11),"$0") -> $0 | K11: =IFERROR(IF(C11="Si",H11-J11,H11*E11),0) -> 2331031.5
A12: 370 | B12: =IF(AND(A12>0,A12<534),VLOOKUP(A12,FICHA_2024!$A$2:$B$534,2,0),"Ingrese el numero del item") -> SERVICIO DE SALUD // Servicio de salud autorizado para la realización de espectáculos públicos o aglomeraciones, conforme el decreto 599 de 2013, modificado parcialmente por el decreto distrital 622 de 2016, y la resolución 569 de 2014 y/o con la normativa que las adicione, modifique o sustituya. Condiciones del servicio requerido: Termino de 6 horas. Número de auxiliares de enfermería 4 Número de médicos 1 Número de Mec 1 fijo . establecido para la evaluación y asistencia médica inicial con el apoyo de dos auxiliares de enfermería, donde se categoriza la condición clínica del paciente o lesionado y se inicia o continua la atención médica, la estabilización del lesionado y la preparación para el traslado del afectado a una institución de salud durante una aglomeración de público o en situaciones de emergencia o desastre, el cual debe cumplir con los requisitos mínimos exigidos SDS . Los recursos de los Módulos de Estabilización y Clasificación MEC (humanos, medicamentos, dispositivos médicos, insumos y equipos) serán independientes de los ubicados en las ambulancias asignadas al evento. | C12: No | D12: UN | E12: 2 | F12: =IFERROR(H12/1.19,0) -> 3290785.7 | G12: =IFERROR((H12-F12),"") -> 625249.29 | H12: =IFERROR(VLOOKUP(A12,FICHA_2024!$A$2:$F$531,5,0),0) -> 3916035 | I12: =IF(C12="Si","Ingrese el porcentaje","%") -> % | J12: =IF(C12="Si",(H12*I12),"$0") -> $0 | K12: =IFERROR(IF(C12="Si",H12-J12,H12*E12),0) -> 7832070
A13: 375 | B13: =IF(AND(A13>0,A13<534),VLOOKUP(A13,FICHA_2024!$A$2:$B$534,2,0),"Ingrese el numero del item") -> BRIGADISTA DE SALUD certificado -que deberá cumplir con los requisitos específicos, experiencia, nivel académico y cursos de acuerdo a lo señalado en las especificaciones técnicas, por 6 horas // 1. Requisitos específicos: a) Contar con los distintivos y elementos básicos que los caracterice como brigadistas. b) Administrar primeros auxilios básicos, a nivel de una primera respuesta, necesarios para estabilizar una víctima de accidente o enfermedad súbita, que ocurra dentro de las instalaciones. c) Controlar emergencias en su fase incipiente, es decir donde su integridad física no se ponga en peligro. 2. Nivel Académico: Mayores de edad que sean profesionales o estudiantes universitarios. 3. Cursos: Debe tener certificaciones de cursos en: a) Primeros auxilios. Diez (10) horas. b) En temas de planes de emergencia y contingencia. Veinte (20) horas. c) Capacitación en normas de etiqueta y protocolo. Diez (10) horas d) Contar con el carné de brigadista vigente. e) Capacitación del cuerpo de bomberos de Bogotá.4. Experiencia Requerida: Superior a dos (2) años en ejecución de labores de rescate | C13: No | D13: UN | E13: 12 | F13: =IFERROR(H13/1.19,0) -> 208494.96 | G13: =IFERROR((H13-F13),"") -> 39614.042 | H13: =IFERROR(VLOOKUP(A13,FICHA_2024!$A$2:$F$531,5,0),0) -> 248109 | I13: =IF(C13="Si","Ingrese el porcentaje","%") -> % | J13: =IF(C13="Si",(H13*I13),"$0") -> $0 | K13: =IFERROR(IF(C13="Si",H13-J13,H13*E13),0) -> 2977308
A14: 346 | B14: =IF(AND(A14>0,A14<534),VLOOKUP(A14,FICHA_2024!$A$2:$B$534,2,0),"Ingrese el numero del item") -> Personal de aseo y limpieza por 4 horas. Con dotación de guantes para aseo, recogedor, escoba y bolsas de basura. | C14: No | D14: UN | E14: 8 | F14: =IFERROR(H14/1.19,0) -> 118186.76 | G14: =IFERROR((H14-F14),"") -> 22455.485 | H14: =IFERROR(VLOOKUP(A14,FICHA_2024!$A$2:$F$531,5,0),0) -> 140642.25 | I14: =IF(C14="Si","Ingrese el porcentaje","%") -> % | J14: =IF(C14="Si",(H14*I14),"$0") -> $0 | K14: =IFERROR(IF(C14="Si",H14-J14,H14*E14),0) -> 1125138
... A29: 127 | B29: =IF(AND(A29>0,A29<534),VLOOKUP(A29,FICHA_2024!$A$2:$B$534,2,0),"Ingrese el numero del item") -> Extensiones eléctricas. Servicio de alquiler por 12 horas, contadas a partir del recibo a satisfacción de la entidad // Alquiler Extensión Negra P/T 3 Toma Corrientes Nema 5 - 15 macho y hembra. minimo 30 metros. . El servicio incluye transporte, instalación en el lugar y horario especificados por la FUGA para garantizar su correcta puesta en funcionamiento. Asimismo, al finalizar el período de alquiler, se llevará a cabo su desinstalación y retirada. Debe contar con operario que acompañe la instalacion, operacion durante la actividad o evento y desmontaje. Debe contar con operario que acompañe la instalacion, operacion durante la actividad o evento y desmontaje. | C29: No | D29: UN | E29: 12 | F29: =IFERROR(H29/1.19,0) -> 100171.64 | G29: =IFERROR((H29-F29),"") -> 19032.611 | H29: =IFERROR(VLOOKUP(A29,FICHA_2024!$A$2:$F$531,5,0),0) -> 119204.25 | I29: =IF(C29="Si","Ingrese el porcentaje","%") -> % | J29: =IF(C29="Si",(H29*I29),"$0") -> $0 | K29: =IFERROR(IF(C29="Si",H29-J29,H29*E29),0) -> 1430451
B30: =IF(AND(A30>0,A30<534),VLOOKUP(A30,FICHA_2024!$A$2:$B$534,2,0),"Ingrese el numero del item") -> Ingrese el numero del item | C30: No | D30: UN | E30: =IF(A30>0,"Ingrese la cantidad",0) -> 0 | F30: =IFERROR(H30/1.19,0) -> 0 | G30: =IFERROR((H30-F30),"") -> 0 | H30: =IFERROR(VLOOKUP(A30,FICHA_2024!$A$2:$F$531,5,0),0) -> 0 | I30: =IF(C30="Si","Ingrese el porcentaje","%") -> % | J30: =IF(C30="Si",(H30*I30),"$0") -> $0 | K30: 11423
J31: TOTAL | K31: =K3+K4+K5+K6+K7+K8+K9+K10+K11+K12+K13+K14+K15+K16+K17+K18+K19+K20+K21+K22+K23+K25+K27+K28+K29+K30 -> 48665986

Sheet CNA Día 3
A1: DESCRIPCIÓN DEL EVENTO | B1: Festivlac entro 2025
A2: ITEM | B2: DESCRIPCION | C2: APLICA DESCUENTO ITEM XX-XXX | D2: UNIDAD DE MEDIDA | E2: CANTIDAD | F2: VALOR SIN IVA | G2: IVA | H2: VALOR TOTAL CON IVA | I2: DESCUENTO | J2: VALOR A DESCONTAR | K2: TOTAL VALOR A FACTURAR | L2: OBSERVACIONES DEL SERVICIO
A3: 342 | B3: =IF(AND(A3>0,A3<534),VLOOKUP(A3,FICHA_2024!$A$2:$B$534,2,0),"Ingrese el numero del item") -> OPERADOR LOGÍSTICO DE PROTOCOLO que deberá cumplir con los requisitos específicos, experiencia, nivel académico y cursos de acuerdo a lo señalado en las especificaciones técnicas, por 8 horas // 1. Requisitos específicos: a) Deben ser personas con actitud de servicio, responsables, cumplidos y con excelente presentación personal. b) Estar debidamente uniformados. e) Cumplir con las funciones asignadas como equipo de primera intervención dentro del Plan de Emergencia de la Fundación. 2. Nivel académico: Mayores de edad que sean profesionales o estudiantes universitarios. 3. Cursos: a) Primeros auxilios. 10 horas. b) En temas de planes de emergencia y contingencia. 20 horas. c) Capacitación en normas de etiqueta y protocolo. 10 horas. | C3: No | D3: UN | E3: 3 | F3: =IFERROR(H3/1.19,0) -> 292724.37 | G3: =IFERROR((H3-F3),"") -> 55617.63 | H3: =IFERROR(VLOOKUP(A3,FICHA_2024!$A$2:$F$531,5,0),0) -> 348342 | I3: =IF(C3="Si","Ingrese el porcentaje","%") -> % | J3: =IF(C3="Si",(H3*I3),"$0") -> $0 | K3: =IFERROR(IF(C3="Si",H3-J3,H3*E3),0) -> 1045026
A4: 334 | B4: =IF(AND(A4>0,A4<534),VLOOKUP(A4,FICHA_2024!$A$2:$B$534,2,0),"Ingrese el numero del item") -> Personal de carga // Personal de carga x 8 horas | C4: No | D4: UN | E4: 20 | F4: =IFERROR(H4/1.19,0) -> 129327.1 | G4: =IFERROR((H4-F4),"") -> 24572.149 | H4: =IFERROR(VLOOKUP(A4,FICHA_2024!$A$2:$F$531,5,0),0) -> 153899.25 | I4: =IF(C4="Si","Ingrese el porcentaje","%") -> % | J4: =IF(C4="Si",(H4*I4),"$0") -> $0 | K4: =IFERROR(IF(C4="Si",H4-J4,H4*E4),0) -> 3077985
A5: 334 | B5: =IF(AND(A5>0,A5<534),VLOOKUP(A5,FICHA_2024!$A$2:$B$534,2,0),"Ingrese el numero del item") -> Personal de carga // Personal de carga x 8 horas | C5: No | D5: UN | E5: 2 | F5: =IFERROR(H5/1.19,0) -> 129327.1 | G5: =IFERROR((H5-F5),"") -> 24572.149 | H5: =IFERROR(VLOOKUP(A5,FICHA_2024!$A$2:$F$531,5,0),0) -> 153899.25 | I5: =IF(C5="Si","Ingrese el porcentaje","%") -> % | J5: =IF(C5="Si",(H5*I5),"$0") -> $0 | K5: =IFERROR(IF(C5="Si",H5-J5,H5*E5),0) -> 307798.5
A6: 344 | B6: =IF(AND(A6>0,A6<534),VLOOKUP(A6,FICHA_2024!$A$2:$B$534,2,0),"Ingrese el numero del item") -> Operario para montaje y desmontaje de Carga por día de servicio. con dotacion de guantes y elementos de carga. | C6: No | D6: UN | E6: 4 | F6: =IFERROR(H6/1.19,0) -> 148331.72 | G6: =IFERROR((H6-F6),"") -> 28183.027 | H6: =IFERROR(VLOOKUP(A6,FICHA_2024!$A$2:$F$531,5,0),0) -> 176514.75 | I6: =IF(C6="Si","Ingrese el porcentaje","%") -> % | J6: =IF(C6="Si",(H6*I6),"$0") -> $0 | K6: =IFERROR(IF(C6="Si",H6-J6,H6*E6),0) -> 706059
A7: 381 | B7: =IF(AND(A7>0,A7<534),VLOOKUP(A7,FICHA_2024!$A$2:$B$534,2,0),"Ingrese el numero del item") -> AMBULANCIA MEDICALIZADA: Servicio / 8 Horas De incluir equipos y personal en salud certificado por las normativas vigentes y combustible. | C7: No | D7: UN | E7: 1 | F7: =IFERROR(H7/1.19,0) -> 1477552.3 | G7: =IFERROR((H7-F7),"") -> 280734.94 | H7: =IFERROR(VLOOKUP(A7,FICHA_2024!$A$2:$F$531,5,0),0) -> 1758287.2 | I7: =IF(C7="Si","Ingrese el porcentaje","%") -> % | J7: =IF(C7="Si",(H7*I7),"$0") -> $0 | K7: =IFERROR(IF(C7="Si",H7-J7,H7*E7),0) -> 1758287.2
A8: 369 | B8: =IF(AND(A8>0,A8<534),VLOOKUP(A8,FICHA_2024!$A$2:$B$534,2,0),"Ingrese el numero del item") -> SERVICIO DE SALUD // Servicio de salud autorizado para la realización de espectáculos públicos o aglomeraciones, conforme el decreto 599 de 2013, modificado parcialmente por el decreto distrital 622 de 2016, y la resolución 569 de 2014 y/o con la normativa que las adicione, modifique o sustituya. Condiciones del servicio requerido: Termino de 4 horas. Número de auxiliares de enfermería 4 Número de médicos 1 Número de Mec 1 fijo establecido para la evaluación y asistencia médica inicial con el apoyo de dos auxiliares de enfermería, donde se categoriza la condición clínica del paciente o lesionado y se inicia o continua la atención médica, la estabilización del lesionado y la preparación para el traslado del afectado a una institución de salud durante una aglomeración de público o en situaciones de emergencia o desastre, el cual debe cumplir con los requisitos mínimos establecidos en el presente documento. Los recursos de los Módulos de Estabilización y Clasificación MEC (humanos, medicamentos, dispositivos médicos, insumos y equipos) serán independientes de los ubicados en las ambulancias asignadas al evento. | C8: No | D8: UN | E8: 2 | F8: =IFERROR(H8/1.19,0) -> 2780040.1 | G8: =IFERROR((H8-F8),"") -> 528207.62 | H8: =IFERROR(VLOOKUP(A8,FICHA_2024!$A$2:$F$531,5,0),0) -> 3308247.8 | I8: =IF(C8="Si","Ingrese el porcentaje","%") -> % | J8: =IF(C8="Si",(H8*I8),"$0") -> $0 | K8: =IFERROR(IF(C8="Si",H8-J8,H8*E8),0) -> 6616495.5
A9: 375 | B9: =IF(AND(A9>0,A9<534),VLOOKUP(A9,FICHA_2024!$A$2:$B$534,2,0),"Ingrese el numero del item") -> BRIGADISTA DE SALUD certificado -que deberá cumplir con los requisitos específicos, experiencia, nivel académico y cursos de acuerdo a lo señalado en las especificaciones técnicas, por 6 horas // 1. Requisitos específicos: a) Contar con los distintivos y elementos básicos que los caracterice como brigadistas. b) Administrar primeros auxilios básicos, a nivel de una primera respuesta, necesarios para estabilizar una víctima de accidente o enfermedad súbita, que ocurra dentro de las instalaciones. c) Controlar emergencias en su fase incipiente, es decir donde su integridad física no se ponga en peligro. 2. Nivel Académico: Mayores de edad que sean profesionales o estudiantes universitarios. 3. Cursos: Debe tener certificaciones de cursos en: a) Primeros auxilios. Diez (10) horas. b) En temas de planes de emergencia y contingencia. Veinte (20) horas. c) Capacitación en normas de etiqueta y protocolo. Diez (10) horas d) Contar con el carné de brigadista vigente. e) Capacitación del cuerpo de bomberos de Bogotá.4. Experiencia Requerida: Superior a dos (2) años en ejecución de labores de rescate | C9: No | D9: UN | E9: 6 | F9: =IFERROR(H9/1.19,0) -> 208494.96 | G9: =IFERROR((H9-F9),"") -> 39614.042 | H9: =IFERROR(VLOOKUP(A9,FICHA_2024!$A$2:$F$531,5,0),0) -> 248109 | I9: =IF(C9="Si","Ingrese el porcentaje","%") -> % | J9: =IF(C9="Si",(H9*I9),"$0") -> $0 | K9: =IFERROR(IF(C9="Si",H9-J9,H9*E9),0) -> 1488654
A10: 346 | B10: =IF(AND(A10>0,A10<534),VLOOKUP(A10,FICHA_2024!$A$2:$B$534,2,0),"Ingrese el numero del item") -> Personal de aseo y limpieza por 4 horas. Con dotación de guantes para aseo, recogedor, escoba y bolsas de basura. | C10: No | D10: UN | E10: 8 | F10: =IFERROR(H10/1.19,0) -> 118186.76 | G10: =IFERROR((H10-F10),"") -> 22455.485 | H10: =IFERROR(VLOOKUP(A10,FICHA_2024!$A$2:$F$531,5,0),0) -> 140642.25 | I10: =IF(C10="Si","Ingrese el porcentaje","%") -> % | J10: =IF(C10="Si",(H10*I10),"$0") -> $0 | K10: =IFERROR(IF(C10="Si",H10-J10,H10*E10),0) -> 1125138
A11: 45 | B11: =IF(AND(A11>0,A11<534),VLOOKUP(A11,FICHA_2024!$A$2:$B$534,2,0),"Ingrese el numero del item") -> Paquete instrumentos 1. Servicio de alquiler por 12 horas, contadas a partir del recibo a satisfacción de la entidad. // Compuesto por: Una (1) batería completa (Ítem 1) + dos (2) amplificadores de guitarra compuesto por dos (2) cabezotes y dos (2) cabinas (Ítem 5) + Amplificador para bajo compuesto por cabezote y cabina (Ítem 9) + un (1) teclado profesional de minimo 7 octavas (Ítem 13) + un (1) set de congas con base (Ítem 19)+ un (1) bongó con base (Ítem 21)+ un (1) juego de timbales con base (Ítem 23). El servicio incluye transporte, instalación en el lugar y horario especificados por la FUGA para garantizar su correcta puesta en funcionamiento. Asimismo, al finalizar el período de alquiler, se llevará a cabo su desinstalación y retirada. Se deben incluir cada uno de los complementos listados en la descripción de cada uno de los ítems que componen este paquete. | C11: No | D11: UN | E11: 1 | F11: =IFERROR(H11/1.19,0) -> 2294118.3 | G11: =IFERROR((H11-F11),"") -> 435882.47 | H11: =IFERROR(VLOOKUP(A11,FICHA_2024!$A$2:$F$531,5,0),0) -> 2730000.8 | I11: =IF(C11="Si","Ingrese el porcentaje","%") -> % | J11: =IF(C11="Si",(H11*I11),"$0") -> $0 | K11: =IFERROR(IF(C11="Si",H11-J11,H11*E11),0) -> 2730000.8
A12: 318 | B12: =IF(AND(A12>0,A12<534),VLOOKUP(A12,FICHA_2024!$A$2:$B$534,2,0),"Ingrese el numero del item") -> Técnico Especializado en escenario (Jefe de Escenario) // servicio 1 a 12 horas | C12: No | D12: UN | E12: 3 | F12: =IFERROR(H12/1.19,0) -> 926284.66 | G12: =IFERROR((H12-F12),"") -> 175994.09 | H12: =IFERROR(VLOOKUP(A12,FICHA_2024!$A$2:$F$531,5,0),0) -> 1102278.8 | I12: =IF(C12="Si","Ingrese el porcentaje","%") -> % | J12: =IF(C12="Si",(H12*I12),"$0") -> $0 | K12: =IFERROR(IF(C12="Si",H12-J12,H12*E12),0) -> 3306836.2
A13: 324 | B13: =IF(AND(A13>0,A13<534),VLOOKUP(A13,FICHA_2024!$A$2:$B$534,2,0),"Ingrese el numero del item") -> Ingeniero de Sonido Profesional Universitario en ingeniería de sonido // servicio – 1 a 12 horas | C13: No | D13: UN | E13: 5 | F13: =IFERROR(H13/1.19,0) -> 845260.71 | G13: =IFERROR((H13-F13),"") -> 160599.54 | H13: =IFERROR(VLOOKUP(A13,FICHA_2024!$A$2:$F$531,5,0),0) -> 1005860.2 | I13: =IF(C13="Si","Ingrese el porcentaje","%") -> % | J13: =IF(C13="Si",(H13*I13),"$0") -> $0 | K13: =IFERROR(IF(C13="Si",H13-J13,H13*E13),0) -> 5029301.2
A14: 321 | B14: =IF(AND(A14>0,A14<534),VLOOKUP(A14,FICHA_2024!$A$2:$B$534,2,0),"Ingrese el numero del item") -> Personal Técnico Especializado en escenario (Roadie) // servicio 1 a 12 horas | C14: No | D14: UN | E14: 3 | F14: =IFERROR(H14/1.19,0) -> 666081.93 | G14: =IFERROR((H14-F14),"") -> 126555.57 | H14: =IFERROR(VLOOKUP(A14,FICHA_2024!$A$2:$F$531,5,0),0) -> 792637.5 | I14: =IF(C14="Si","Ingrese el porcentaje","%") -> % | J14: =IF(C14="Si",(H14*I14),"$0") -> $0 | K14: =IFERROR(IF(C14="Si",H14-J14,H14*E14),0) -> 2377912.5
A15: 303 | B15: =IF(AND(A15>0,A15<534),VLOOKUP(A15,FICHA_2024!$A$2:$B$534,2,0),"Ingrese el numero del item") -> Servicio de transporte Van de techo alto de 15 a 19 pasajeros dentro de Bogotá por 12 horas. Modelos recientes, con una antigüedad no mayor a 10 años. | C15: No | D15: UN | E15: 2 | F15: =IFERROR(H15/1.19,0) -> 1021009 | G15: =IFERROR((H15-F15),"") -> 193991.72 | H15: =IFERROR(VLOOKUP(A15,FICHA_2024!$A$2:$F$531,5,0),0) -> 1215000.8 | I15: =IF(C15="Si","Ingrese el porcentaje","%") -> % | J15: =IF(C15="Si",(H15*I15),"$0") -> $0 | K15: =IFERROR(IF(C15="Si",H15-J15,H15*E15),0) -> 2430001.5
B16: =IF(AND(A16>0,A16<534),VLOOKUP(A16,FICHA_2024!$A$2:$B$534,2,0),"Ingrese el numero del item") -> Ingrese el numero del item | C16: No | D16: UN | E16: =IF(A16>0,"Ingrese la cantidad",0) -> 0 | F16: =IFERROR(H16/1.19,0) -> 0 | G16: =IFERROR((H16-F16),"") -> 0 | H16: =IFERROR(VLOOKUP(A16,FICHA_2024!$A$2:$F$531,5,0),0) -> 0 | I16: =IF(C16="Si","Ingrese el porcentaje","%") -> % | J16: =IF(C16="Si",(H16*I16),"$0") -> $0 | K16: =IFERROR(IF(C16="Si",H16-J16,H16*E16),0) -> 0
J17: TOTAL | K17: =K3+K4+K5+K6+K7+K8+K9+K10+K11+K12+K13+K14+K15 -> 31999496

Sheet Plazoleta CNA
A1: DESCRIPCIÓN DEL EVENTO | B1: FESTIVAL CENTRO 2025
A2: ITEM | B2: DESCRIPCION | C2: APLICA DESCUENTO ITEM XX-XXX | D2: UNIDAD DE MEDIDA | E2: CANTIDAD | F2: VALOR SIN IVA | G2: IVA | H2: VALOR TOTAL CON IVA | I2: DESCUENTO | J2: VALOR A DESCONTAR | K2: TOTAL VALOR A FACTURAR | L2: OBSERVACIONES DEL SERVICIO
A3: 147 | B3: =IF(AND(A3>0,A3<534),VLOOKUP(A3,FICHA_2024!$A$2:$B$534,2,0),"Ingrese el numero del item") -> Equipos cabeza móvil spot o wash. |Servicio de alquiler por 12 horas, contadas a partir del recibo a satisfacción de la entidad. //Incluye lo siguiente: Cabeza móvil spot de 700W. Dicho servicio incluye cableado para su funcionamiento (señal y energía), anclajes El servicio incluye transporte, instalación en el lugar y horario especificados por la FUGA para garantizar su correcta puesta en funcionamiento. Asimismo, al finalizar el período de alquiler, se llevará a cabo su desinstalación y retirada. | C3: No | D3: UN | E3: 8 | F3: =IFERROR(H3/1.19,0) -> 259322.9 | G3: =IFERROR((H3-F3),"") -> 49271.351 | H3: =IFERROR(VLOOKUP(A3,FICHA_2024!$A$2:$F$531,5,0),0) -> 308594.25 | I3: =IF(C3="Si","Ingrese el porcentaje","%") -> % | J3: =IF(C3="Si",(H3*I3),"$0") -> $0 | K3: =IFERROR(IF(C3="Si",H3-J3,H3*E3),0) -> 2468754
A4: 151 | B4: =IF(AND(A4>0,A4<534),VLOOKUP(A4,FICHA_2024!$A$2:$B$534,2,0),"Ingrese el numero del item") -> Minibruto. Servicio de alquiler por 12 horas, contadas a partir del recibo a satisfacción de la entidad. // 1 x 6 - potencia 5200W. Dicho servicio incluye cableado para su funcionamiento (señal y energía), anclajes El servicio incluye transporte, instalación en el lugar y horario especificados por la FUGA para garantizar su correcta puesta en funcionamiento. Asimismo, al finalizar el período de alquiler, se llevará a cabo su desinstalación y retirada. | C4: No | D4: UN | E4: 2 | F4: =IFERROR(H4/1.19,0) -> 220588.87 | G4: =IFERROR((H4-F4),"") -> 41911.884 | H4: =IFERROR(VLOOKUP(A4,FICHA_2024!$A$2:$F$531,5,0),0) -> 262500.75 | I4: =IF(C4="Si","Ingrese el porcentaje","%") -> % | J4: =IF(C4="Si",(H4*I4),"$0") -> $0 | K4: =IFERROR(IF(C4="Si",H4-J4,H4*E4),0) -> 525001.5
A5: 141 | B5: =IF(AND(A5>0,A5<534),VLOOKUP(A5,FICHA_2024!$A$2:$B$534,2,0),"Ingrese el numero del item") -> Par Led. Servicio de alquiler por 12 horas, contadas a partir del recibo a satisfacción de la entidad. Par Led. RGBWY. Dicho servicio incluye cableado para su funcionamiento (señal y energía), anclajes. El servicio incluye transporte, instalación en el lugar y horario especificados por la FUGA para garantizar su correcta puesta en funcionamiento. Asimismo, al finalizar el período de alquiler, se llevará a cabo su desinstalación y retirada. | C5: No | D5: UN | E5: 10 | F5: =IFERROR(H5/1.19,0) -> 47215.336 | G5: =IFERROR((H5-F5),"") -> 8970.9139 | H5: =IFERROR(VLOOKUP(A5,FICHA_2024!$A$2:$F$531,5,0),0) -> 56186.25 | I5: =IF(C5="Si","Ingrese el porcentaje","%") -> % | J5: =IF(C5="Si",(H5*I5),"$0") -> $0 | K5: =IFERROR(IF(C5="Si",H5-J5,H5*E5),0) -> 561862.5
A6: 161 | B6: =IF(AND(A6>0,A6<534),VLOOKUP(A6,FICHA_2024!$A$2:$B$534,2,0),"Ingrese el numero del item") -> Iluminación móvil. Servicio de alquiler por 8 horas, contadas a partir del recibo a satisfacción de la entidad. // Consola de iluminación con salidas compatibles con protocolo DMX, ethernet y cable de poder Dicho servicio incluye cableado para su funcionamiento (señal y energía), anclajes El servicio incluye transporte, instalación en el lugar y horario especificados por la FUGA para garantizar su correcta puesta en funcionamiento. Asimismo, al finalizar el período de alquiler, se llevará a cabo su desinstalación y retirada. | C6: No | D6: UN | E6: 1 | F6: =IFERROR(H6/1.19,0) -> 871583.82 | G6: =IFERROR((H6-F6),"") -> 165600.93 | H6: =IFERROR(VLOOKUP(A6,FICHA_2024!$A$2:$F$531,5,0),0) -> 1037184.8 | I6: =IF(C6="Si","Ingrese el porcentaje","%") -> % | J6: =IF(C6="Si",(H6*I6),"$0") -> $0 | K6: =IFERROR(IF(C6="Si",H6-J6,H6*E6),0) -> 1037184.8
A7: 127 | B7: =IF(AND(A7>0,A7<534),VLOOKUP(A7,FICHA_2024!$A$2:$B$534,2,0),"Ingrese el numero del item") -> Extensiones eléctricas. Servicio de alquiler por 12 horas, contadas a partir del recibo a satisfacción de la entidad // Alquiler Extensión Negra P/T 3 Toma Corrientes Nema 5 - 15 macho y hembra. minimo 30 metros. . El servicio incluye transporte, instalación en el lugar y horario especificados por la FUGA para garantizar su correcta puesta en funcionamiento. Asimismo, al finalizar el período de alquiler, se llevará a cabo su desinstalación y retirada. Debe contar con operario que acompañe la instalacion, operacion durante la actividad o evento y desmontaje. Debe contar con operario que acompañe la instalacion, operacion durante la actividad o evento y desmontaje. | C7: No | D7: UN | E7: 30 | F7: =IFERROR(H7/1.19,0) -> 100171.64 | G7: =IFERROR((H7-F7),"") -> 19032.611 | H7: =IFERROR(VLOOKUP(A7,FICHA_2024!$A$2:$F$531,5,0),0) -> 119204.25 | I7: =IF(C7="Si","Ingrese el porcentaje","%") -> % | J7: =IF(C7="Si",(H7*I7),"$0") -> $0 | K7: =IFERROR(IF(C7="Si",H7-J7,H7*E7),0) -> 3576127.5
A8: 130 | B8: =IF(AND(A8>0,A8<534),VLOOKUP(A8,FICHA_2024!$A$2:$B$534,2,0),"Ingrese el numero del item") -> Generador eléctrico. Servicio de alquiler por 8 horas, contadas a partir del recibo a satisfacción de la entidad. // Alquiler de generador a gasolina de 15 KW continuos trifásica, debe contar con personal idóneo para su manejo y su perfecto funcionamiento durante pruebas y días de eventos. Debe tener: combustible suficiente para su funcionamiento durante pruebas de sonidos, ensayos y desarrollo del evento. Todas las plantas deberán estar empotradas en cabinas debidamente insonorizadas que permitan el trabajo a la intemperie. Todas las plantas eléctricas deberán contar con tableros de control, instrumentos e interruptor termo magnético, silenciador y breaker. Todos los elementos deben incluir los respectivos accesorios (parciales, bajantes, cajas de distribución (distro con salidas tomacorriente de 120V y 220V), herramientas, elementos de protección y seguridad industrial, sistema de aterrizaje, etc). Deberá contar con extintores en vehículo y planta. Todo el cableado utilizado deberá estar en perfectas condiciones de instalación teniendo en cuenta las normas de seguridad y que funcione de manera correcta a una distancia mínima de 30m. El servicio incluye transporte, instalación en el lugar y horario especificados por la FUGA para garantizar su correcta puesta en funcionamiento. Asimismo, al finalizar el período de alquiler, se llevará a cabo su desinstalación y retirada. Debe contar con operario que acompañe la instalacion, operacion durante la actividad o evento y desmontaje. | C8: No | D8: UN | E8: 2 | F8: =IFERROR(H8/1.19,0) -> 761202.73 | G8: =IFERROR((H8-F8),"") -> 144628.52 | H8: =IFERROR(VLOOKUP(A8,FICHA_2024!$A$2:$F$531,5,0),0) -> 905831.25 | I8: =IF(C8="Si","Ingrese el porcentaje","%") -> % | J8: =IF(C8="Si",(H8*I8),"$0") -> $0 | K8: =IFERROR(IF(C8="Si",H8-J8,H8*E8),0) -> 1811662.5
A9: 168 | B9: =IF(AND(A9>0,A9<534),VLOOKUP(A9,FICHA_2024!$A$2:$B$534,2,0),"Ingrese el numero del item") -> Módulos de video. Servicio de alquiler por 12 horas, contadas a partir del recibo a satisfacción de la entidad. // Alquiler de módulo de pantalla LED de 56cm x 56cm x 8cm pixel pitch 3.91mm + cableado para su funcionamiento (señales y poder) + estructura y anclajes para instalar todos los equipos. El servicio incluye transporte, instalación en el lugar y horario especificados por la FUGA para garantizar su correcta puesta en funcionamiento. Asimismo, al finalizar el período de alquiler, se llevará a cabo su desinstalación y retirada. | C9: No | D9: UN | E9: 30 | F9: =IFERROR(H9/1.19,0) -> 265764.71 | G9: =IFERROR((H9-F9),"") -> 50495.294 | H9: =IFERROR(VLOOKUP(A9,FICHA_2024!$A$2:$F$531,5,0),0) -> 316260 | I9: =IF(C9="Si","Ingrese el porcentaje","%") -> % | J9: =IF(C9="Si",(H9*I9),"$0") -> $0 | K9: =IFERROR(IF(C9="Si",H9-J9,H9*E9),0) -> 9487800
A10: 198 | B10: =IF(AND(A10>0,A10<534),VLOOKUP(A10,FICHA_2024!$A$2:$B$534,2,0),"Ingrese el numero del item") -> Un puesto fijo digital HD para el funcionamiento del sistema, Cableado necesario, Señal de Entrada en Video: Súper video, video compuesto, HDTV, RGB, S-VHS, NTSC/PAL, PC VGA, USB, RCA. Amplificador/Distribuidor de Señal. Sistema de Reproducción y Mezcla de Video Multiformato (dvd, betacam, vhs, mini dv). Línea Salida Estéreo para Reproducción de Audio. Monitor de Video de minimo 14”, Cámara de Video para Circuito Cerrado de T.V., incluye personal. | C10: No | D10: UN | E10: 1 | F10: =IFERROR(H10/1.19,0) -> 1448433.4 | G10: =IFERROR((H10-F10),"") -> 275202.35 | H10: =IFERROR(VLOOKUP(A10,FICHA_2024!$A$2:$F$531,5,0),0) -> 1723635.8 | I10: =IF(C10="Si","Ingrese el porcentaje","%") -> % | J10: =IF(C10="Si",(H10*I10),"$0") -> $0 | K10: =IFERROR(IF(C10="Si",H10-J10,H10*E10),0) -> 1723635.8
A11: 222 | B11: =IF(AND(A11>0,A11<534),VLOOKUP(A11,FICHA_2024!$A$2:$B$534,2,0),"Ingrese el numero del item") -> Truss. Servicio de alquiler por 24 horas, contadas a partir del recibo a satisfacción de la entidad. // Alquiler Sistema de truss de 3 Metros de largo por 40 cm de alto y 40 cm de ancho Peso 27.5 Kg. Diámetro principal del tubo: 50mm. Debe incluir pines y trompos para montaje // Peso 27.5 Kg. Diámetro principal del tubo: 50mm . El servicio incluye transporte, instalación en el lugar y horario especificados por la FUGA para garantizar su correcta puesta en funcionamiento. Asimismo, al finalizar el período de alquiler, se llevará a cabo su desinstalación y retirada. | C11: No | D11: UN | E11: 8 | F11: =IFERROR(H11/1.19,0) -> 220588.87 | G11: =IFERROR((H11-F11),"") -> 41911.884 | H11: =IFERROR(VLOOKUP(A11,FICHA_2024!$A$2:$F$531,5,0),0) -> 262500.75 | I11: =IF(C11="Si","Ingrese el porcentaje","%") -> % | J11: =IF(C11="Si",(H11*I11),"$0") -> $0 | K11: =IFERROR(IF(C11="Si",H11-J11,H11*E11),0) -> 2100006
A12: 121 | B12: =IF(AND(A12>0,A12<534),VLOOKUP(A12,FICHA_2024!$A$2:$B$534,2,0),"Ingrese el numero del item") -> Paquete 4 de sonido. Servicio de alquiler por 12 horas, contadas a partir del recibo a satisfacción de la entidad. //Incluye lo siguiente: 8 micrófonos Tipo Vocal (Ítem 83) - 16 micrófonos Tipo instrumental (Ítem 91) - 12 Cajas Line Array - 6 parlantes subwoofer - 6 cabinas activas (Ítem 53) - 1 Consola Digital de 48 Canales con sistema de control remoto vía ipad (item 75) - 10 Cajas Directas (Ítem 103) - 6 Micrófonos inalámbricos de mano (Ítem 97) - 6 módulos de monitoreo In Ear inalámbricos (Ítem 99) - 1 Computador portatil - 1 Protector de voltaje (Ítem 78) - 1 Sistema de Snake que cubra las entradas y salidas de la consola (Longitud según caso) con sus respectivos pasacables- 1 Planta para suplir las necesidades eléctricas del sistema. El servicio incluye transporte, instalación en el lugar y horario especificados por la FUGA para garantizar su correcta puesta en funcionamiento. Asimismo, al finalizar el período de alquiler, se llevará a cabo su desinstalación y retirada. Se deben incluir cada uno de los complementos listados en la descripción de cada uno de los ítems que componen este paquete. | C12: No | D12: UN | E12: 1 | F12: =IFERROR(H12/1.19,0) -> 11293899 | G12: =IFERROR((H12-F12),"") -> 2145840.8 | H12: =IFERROR(VLOOKUP(A12,FICHA_2024!$A$2:$F$531,5,0),0) -> 13439740 | I12: =IF(C12="Si","Ingrese el porcentaje","%") -> % | J12: =IF(C12="Si",(H12*I12),"$0") -> $0 | K12: =IFERROR(IF(C12="Si",H12-J12,H12*E12),0) -> 13439740
A13: 39 | B13: =IF(AND(A13>0,A13<534),VLOOKUP(A13,FICHA_2024!$A$2:$B$534,2,0),"Ingrese el numero del item") -> Tornamesas. Servicio de alquiler por 12 horas, contadas a partir del recibo a satisfacción de la entidad. // Incluye lo siguiente: Dos unidades de tornamesa profesional para DJ (Incluye agujas) y cableado para su funcionamiento (señal y eléctrico). El servicio incluye transporte, instalación en el lugar y horario especificados por la FUGA para garantizar su correcta puesta en funcionamiento. Asimismo, al finalizar el período de alquiler, se llevará a cabo su desinstalación y retirada. | C13: No | D13: UN | E13: 3 | F13: =IFERROR(H13/1.19,0) -> 289694.75 | G13: =IFERROR((H13-F13),"") -> 55042.002 | H13: =IFERROR(VLOOKUP(A13,FICHA_2024!$A$2:$F$531,5,0),0) -> 344736.75 | I13: =IF(C13="Si","Ingrese el porcentaje","%") -> % | J13: =IF(C13="Si",(H13*I13),"$0") -> $0 | K13: =IFERROR(IF(C13="Si",H13-J13,H13*E13),0) -> 1034210.2
A14: 41 | B14: =IF(AND(A14>0,A14<534),VLOOKUP(A14,FICHA_2024!$A$2:$B$534,2,0),"Ingrese el numero del item") -> Mixer para tornamesas. Servicio de alquiler por 12 horas, contadas a partir del recibo a satisfacción de la entidad // Incluye lo siguiente: Profesional para DJ con salidas XLR y cableado para su funcionamiento (señal y eléctrico). El servicio incluye transporte, instalación en el lugar y horario especificados por la FUGA para garantizar su correcta puesta en funcionamiento. Asimismo, al finalizar el período de alquiler, se llevará a cabo su desinstalación y retirada. | C14: No | D14: UN | E14: 3 | F14: =IFERROR(H14/1.19,0) -> 244890.13 | G14: =IFERROR((H14-F14),"") -> 46529.124 | H14: =IFERROR(VLOOKUP(A14,FICHA_2024!$A$2:$F$531,5,0),0) -> 291419.25 | I14: =IF(C14="Si","Ingrese el porcentaje","%") -> % | J14: =IF(C14="Si",(H14*I14),"$0") -> $0 | K14: =IFERROR(IF(C14="Si",H14-J14,H14*E14),0) -> 874257.75
... A33: 266 | B33: =IF(AND(A33>0,A33<534),VLOOKUP(A33,FICHA_2024!$A$2:$B$534,2,0),"Ingrese el numero del item") -> Rompe filas acabado cromado con cordón negro. Servicio de alquiler por 12 horas, contadas a partir del recibo a satisfacción de la entidad. // Alquiler de rompe filas acabado cromado con cordón negro. Dicho servicio incluye transporte al lugar y en el horario indicado por la FUGA | C33: No | D33: UN | E33: 20 | F33: =IFERROR(H33/1.19,0) -> 86666.597 | G33: =IFERROR((H33-F33),"") -> 16466.653 | H33: =IFERROR(VLOOKUP(A33,FICHA_2024!$A$2:$F$531,5,0),0) -> 103133.25 | I33: =IF(C33="Si","Ingrese el porcentaje","%") -> % | J33: =IF(C33="Si",(H33*I33),"$0") -> $0 | K33: =IFERROR(IF(C33="Si",H33-J33,H33*E33),0) -> 2062665
B34: =IF(AND(A34>0,A34<534),VLOOKUP(A34,FICHA_2024!$A$2:$B$534,2,0),"Ingrese el numero del item") -> Ingrese el numero del item | C34: No | D34: UN | E34: =IF(A34>0,"Ingrese la cantidad",0) -> 0 | F34: =IFERROR(H34/1.19,0) -> 0 | G34: =IFERROR((H34-F34),"") -> 0 | H34: =IFERROR(VLOOKUP(A34,FICHA_2024!$A$2:$F$531,5,0),0) -> 0 | I34: =IF(C34="Si","Ingrese el porcentaje","%") -> % | J34: =IF(C34="Si",(H34*I34),"$0") -> $0 | K34: =IFERROR(IF(C34="Si",H34-J34,H34*E34),0) -> 0
J35: total | K35: =K3+K4+K5+K6+K7+K8+K9+K10+K11+K12+K13+K14+K15+K16+K17+K18+K19+K20+K21+K22+K23+K24+K25+K26+K27+K28+K29+K30+K31+K32+K33 -> 67463863

Sheet Media Torta Día 1
A1: DESCRIPCIÓN DEL EVENTO | B1: FESTIVLA CENTRO 2025
A2: ITEM | B2: DESCRIPCION | C2: APLICA DESCUENTO ITEM XX-XXX | D2: UNIDAD DE MEDIDA | E2: CANTIDAD | F2: VALOR SIN IVA | G2: IVA | H2: VALOR TOTAL CON IVA | I2: DESCUENTO | J2: VALOR A DESCONTAR | K2: TOTAL VALOR A FACTURAR | L2: OBSERVACIONES DEL SERVICIO
A3: 366 | B3: =IF(AND(A3>0,A3<534),VLOOKUP(A3,FICHA_2024!$A$2:$B$534,2,0),"Ingrese el numero del item") -> Gestor de permisos 2 // Responsable de tramitar los permisos y gestionar los documentos requeridos por las diferentes entidades que autorizan el SUGA para la realización de eventos de alta complejidad, de acuerdo a los lineamientos señalados en el protocolo de aglomeraciones de SIRE. Además, debe incluir la elaboración y presentación de un plan de emergencias y contingencias y registrarlo en la ventanilla única del SUGA en las condiciones y términos establecidos en el decreto 599 de 2013, y la elaboración de planos del evento // incluir valor estimado para pago de permisos de huella sonora // incluir valores estimados para pagos de póliza. | C3: No | D3: UN | E3: 1 | F3: =IFERROR(H3/1.19,0) -> 26506804 | G3: =IFERROR((H3-F3),"") -> 5036292.7 | H3: =IFERROR(VLOOKUP(A3,FICHA_2024!$A$2:$F$531,5,0),0) -> 31543096 | I3: =IF(C3="Si","Ingrese el porcentaje","%") -> % | J3: =IF(C3="Si",(H3*I3),"$0") -> $0 | K3: =IFERROR(IF(C3="Si",H3-J3,H3*E3),0) -> 31543096
A4: 343 | B4: =IF(AND(A4>0,A4<534),VLOOKUP(A4,FICHA_2024!$A$2:$B$534,2,0),"Ingrese el numero del item") -> OPERADOR LOGÍSTICO que deberá cumplir con los requisitos específicos, experiencia, nivel académico y cursos de acuerdo a lo señalado en las especificaciones técnicas, por 8 horas // 1. Requisitos específicos: a) Deben ser personas con actitud de servicio, responsables, cumplidos y con excelente presentación personal. b) Estar debidamente uniformados. e) Cumplir con las funciones asignadas como equipo de primera intervención dentro del Plan de Emergencia de la Fundación. 2. Nivel académico: Mayores de edad que sean profesionales o estudiantes universitarios. 3. Cursos: a) Primeros auxilios. 10 horas. b) En temas de planes de emergencia y contingencia. 20 horas. c) Capacitación en normas de etiqueta y protocolo. 10 horas. | C4: No | D4: UN | E4: 4 | F4: =IFERROR(H4/1.19,0) -> 391433.19 | G4: =IFERROR((H4-F4),"") -> 74372.307 | H4: =IFERROR(VLOOKUP(A4,FICHA_2024!$A$2:$F$531,5,0),0) -> 465805.5 | I4: =IF(C4="Si","Ingrese el porcentaje","%") -> % | J4: =IF(C4="Si",(H4*I4),"$0") -> $0 | K4: =IFERROR(IF(C4="Si",H4-J4,H4*E4),0) -> 1863222
A5: 335 | B5: =IF(AND(A5>0,A5<534),VLOOKUP(A5,FICHA_2024!$A$2:$B$534,2,0),"Ingrese el numero del item") -> Personal de carga // Personal de carga x 12 horas | C5: No | D5: UN | E5: 50 | F5: =IFERROR(H5/1.19,0) -> 177092.02 | G5: =IFERROR((H5-F5),"") -> 33647.483 | H5: =IFERROR(VLOOKUP(A5,FICHA_2024!$A$2:$F$531,5,0),0) -> 210739.5 | I5: =IF(C5="Si","Ingrese el porcentaje","%") -> % | J5: =IF(C5="Si",(H5*I5),"$0") -> $0 | K5: =IFERROR(IF(C5="Si",H5-J5,H5*E5),0) -> 10536975
A6: 335 | B6: =IF(AND(A6>0,A6<534),VLOOKUP(A6,FICHA_2024!$A$2:$B$534,2,0),"Ingrese el numero del item") -> Personal de carga // Personal de carga x 12 horas | C6: No | D6: UN | E6: 4 | F6: =IFERROR(H6/1.19,0) -> 177092.02 | G6: =IFERROR((H6-F6),"") -> 33647.483 | H6: =IFERROR(VLOOKUP(A6,FICHA_2024!$A$2:$F$531,5,0),0) -> 210739.5 | I6: =IF(C6="Si","Ingrese el porcentaje","%") -> % | J6: =IF(C6="Si",(H6*I6),"$0") -> $0 | K6: =IFERROR(IF(C6="Si",H6-J6,H6*E6),0) -> 842958
A7: 374 | B7: =IF(AND(A7>0,A7<534),VLOOKUP(A7,FICHA_2024!$A$2:$B$534,2,0),"Ingrese el numero del item") -> BRIGADISTA -que deberá cumplir con los requisitos específicos, experiencia, nivel académico y cursos de acuerdo a lo señalado en las especificaciones técnicas, por 6 horas // 1. Requisitos específicos: a) Contar con los distintivos y elementos básicos que los caracterice como brigadistas. c) Controlar emergencias en su fase incipiente, es decir donde su integridad física no se ponga en peligro. 2. Nivel Académico: Mayores de edad que sean profesionales o estudiantes universitarios. 3. Cursos: Debe tener certificaciones de cursos en: a) Primeros auxilios. Diez (10) horas. b) En temas de planes de emergencia y contingencia. Veinte (20) horas. c) Capacitación en normas de etiqueta y protocolo. Diez (10) horas d) Contar con el carné de brigadista vigente. e) Capacitación del cuerpo de bomberos de Bogotá. 4. Experiencia Requerida: Superior a dos (2) años en ejecución de labores de rescate | C7: No | D7: UN | E7: 6 | F7: =IFERROR(H7/1.19,0) -> 218229.83 | G7: =IFERROR((H7-F7),"") -> 41463.668 | H7: =IFERROR(VLOOKUP(A7,FICHA_2024!$A$2:$F$531,5,0),0) -> 259693.5 | I7: =IF(C7="Si","Ingrese el porcentaje","%") -> % | J7: =IF(C7="Si",(H7*I7),"$0") -> $0 | K7: =IFERROR(IF(C7="Si",H7-J7,H7*E7),0) -> 1558161
A8: 378 | B8: =IF(AND(A8>0,A8<534),VLOOKUP(A8,FICHA_2024!$A$2:$B$534,2,0),"Ingrese el numero del item") -> AMBULANCIA BÁSICA: Servicio / 12 Horas. De incluir equipos y personal en salud certificado por las normativas vigentes y combustible. | C8: No | D8: UN | E8: 1 | F8: =IFERROR(H8/1.19,0) -> 1642924.8 | G8: =IFERROR((H8-F8),"") -> 312155.71 | H8: =IFERROR(VLOOKUP(A8,FICHA_2024!$A$2:$F$531,5,0),0) -> 1955080.5 | I8: =IF(C8="Si","Ingrese el porcentaje","%") -> % | J8: =IF(C8="Si",(H8*I8),"$0") -> $0 | K8: =IFERROR(IF(C8="Si",H8-J8,H8*E8),0) -> 1955080.5
A9: 380 | B9: =IF(AND(A9>0,A9<534),VLOOKUP(A9,FICHA_2024!$A$2:$B$534,2,0),"Ingrese el numero del item") -> AMBULANCIA MEDICALIZADA: Servicio / 12 Horas De incluir equipos y personal en salud certificado por las normativas vigentes y combustible. | C9: No | D9: UN | E9: 1 | F9: =IFERROR(H9/1.19,0) -> 1958850 | G9: =IFERROR((H9-F9),"") -> 372181.5 | H9: =IFERROR(VLOOKUP(A9,FICHA_2024!$A$2:$F$531,5,0),0) -> 2331031.5 | I9: =IF(C9="Si","Ingrese el porcentaje","%") -> % | J9: =IF(C9="Si",(H9*I9),"$0") -> $0 | K9: =IFERROR(IF(C9="Si",H9-J9,H9*E9),0) -> 2331031.5
A10: 370 | B10: =IF(AND(A10>0,A10<534),VLOOKUP(A10,FICHA_2024!$A$2:$B$534,2,0),"Ingrese el numero del item") -> SERVICIO DE SALUD // Servicio de salud autorizado para la realización de espectáculos públicos o aglomeraciones, conforme el decreto 599 de 2013, modificado parcialmente por el decreto distrital 622 de 2016, y la resolución 569 de 2014 y/o con la normativa que las adicione, modifique o sustituya. Condiciones del servicio requerido: Termino de 6 horas. Número de auxiliares de enfermería 4 Número de médicos 1 Número de Mec 1 fijo . establecido para la evaluación y asistencia médica inicial con el apoyo de dos auxiliares de enfermería, donde se categoriza la condición clínica del paciente o lesionado y se inicia o continua la atención médica, la estabilización del lesionado y la preparación para el traslado del afectado a una institución de salud durante una aglomeración de público o en situaciones de emergencia o desastre, el cual debe cumplir con los requisitos mínimos exigidos SDS . Los recursos de los Módulos de Estabilización y Clasificación MEC (humanos, medicamentos, dispositivos médicos, insumos y equipos) serán independientes de los ubicados en las ambulancias asignadas al evento. | C10: No | D10: UN | E10: 2 | F10: =IFERROR(H10/1.19,0) -> 3290785.7 | G10: =IFERROR((H10-F10),"") -> 625249.29 | H10: =IFERROR(VLOOKUP(A10,FICHA_2024!$A$2:$F$531,5,0),0) -> 3916035 | I10: =IF(C10="Si","Ingrese el porcentaje","%") -> % | J10: =IF(C10="Si",(H10*I10),"$0") -> $0 | K10: =IFERROR(IF(C10="Si",H10-J10,H10*E10),0) -> 7832070
A11: 375 | B11: =IF(AND(A11>0,A11<534),VLOOKUP(A11,FICHA_2024!$A$2:$B$534,2,0),"Ingrese el numero del item") -> BRIGADISTA DE SALUD certificado -que deberá cumplir con los requisitos específicos, experiencia, nivel académico y cursos de acuerdo a lo señalado en las especificaciones técnicas, por 6 horas // 1. Requisitos específicos: a) Contar con los distintivos y elementos básicos que los caracterice como brigadistas. b) Administrar primeros auxilios básicos, a nivel de una primera respuesta, necesarios para estabilizar una víctima de accidente o enfermedad súbita, que ocurra dentro de las instalaciones. c) Controlar emergencias en su fase incipiente, es decir donde su integridad física no se ponga en peligro. 2. Nivel Académico: Mayores de edad que sean profesionales o estudiantes universitarios. 3. Cursos: Debe tener certificaciones de cursos en: a) Primeros auxilios. Diez (10) horas. b) En temas de planes de emergencia y contingencia. Veinte (20) horas. c) Capacitación en normas de etiqueta y protocolo. Diez (10) horas d) Contar con el carné de brigadista vigente. e) Capacitación del cuerpo de bomberos de Bogotá.4. Experiencia Requerida: Superior a dos (2) años en ejecución de labores de rescate | C11: No | D11: UN | E11: 12 | F11: =IFERROR(H11/1.19,0) -> 208494.96 | G11: =IFERROR((H11-F11),"") -> 39614.042 | H11: =IFERROR(VLOOKUP(A11,FICHA_2024!$A$2:$F$531,5,0),0) -> 248109 | I11: =IF(C11="Si","Ingrese el porcentaje","%") -> % | J11: =IF(C11="Si",(H11*I11),"$0") -> $0 | K11: =IFERROR(IF(C11="Si",H11-J11,H11*E11),0) -> 2977308
A12: 346 | B12: =IF(AND(A12>0,A12<534),VLOOKUP(A12,FICHA_2024!$A$2:$B$534,2,0),"Ingrese el numero del item") -> Personal de aseo y limpieza por 4 horas. Con dotación de guantes para aseo, recogedor, escoba y bolsas de basura. | C12: No | D12: UN | E12: 12 | F12: =IFERROR(H12/1.19,0) -> 118186.76 | G12: =IFERROR((H12-F12),"") -> 22455.485 | H12: =IFERROR(VLOOKUP(A12,FICHA_2024!$A$2:$F$531,5,0),0) -> 140642.25 | I12: =IF(C12="Si","Ingrese el porcentaje","%") -> % | J12: =IF(C12="Si",(H12*I12),"$0") -> $0 | K12: =IFERROR(IF(C12="Si",H12-J12,H12*E12),0) -> 1687707
A13: 266 | B13: =IF(AND(A13>0,A13<534),VLOOKUP(A13,FICHA_2024!$A$2:$B$534,2,0),"Ingrese el numero del item") -> Rompe filas acabado cromado con cordón negro. Servicio de alquiler por 12 horas, contadas a partir del recibo a satisfacción de la entidad. // Alquiler de rompe filas acabado cromado con cordón negro. Dicho servicio incluye transporte al lugar y en el horario indicado por la FUGA | C13: No | D13: UN | E13: 20 | F13: =IFERROR(H13/1.19,0) -> 86666.597 | G13: =IFERROR((H13-F13),"") -> 16466.653 | H13: =IFERROR(VLOOKUP(A13,FICHA_2024!$A$2:$F$531,5,0),0) -> 103133.25 | I13: =IF(C13="Si","Ingrese el porcentaje","%") -> % | J13: =IF(C13="Si",(H13*I13),"$0") -> $0 | K13: =IFERROR(IF(C13="Si",H13-J13,H13*E13),0) -> 2062665
A14: 215 | B14: =IF(AND(A14>0,A14<534),VLOOKUP(A14,FICHA_2024!$A$2:$B$534,2,0),"Ingrese el numero del item") -> Vallas tipo muro. Servicio de alquiler por 24 horas, contadas a partir del recibo a satisfacción de la entidad. // Alquiler de vallas tipo muro de contención modulares para cerramientos. El servicio incluye transporte, instalación en el lugar y horario especificados por la FUGA para garantizar su correcta puesta en funcionamiento. Asimismo, al finalizar el período de alquiler, se llevará a cabo su desinstalación y retirada. | C14: No | D14: UN | E14: 160 | F14: =IFERROR(H14/1.19,0) -> 46505.672 | G14: =IFERROR((H14-F14),"") -> 8836.0777 | H14: =IFERROR(VLOOKUP(A14,FICHA_2024!$A$2:$F$531,5,0),0) -> 55341.75 | I14: =IF(C14="Si","Ingrese el porcentaje","%") -> % | J14: =IF(C14="Si",(H14*I14),"$0") -> $0 | K14: =IFERROR(IF(C14="Si",H14-J14,H14*E14),0) -> 8854680
... A39: 303 | B39: =IF(AND(A39>0,A39<534),VLOOKUP(A39,FICHA_2024!$A$2:$B$534,2,0),"Ingrese el numero del item") -> Servicio de transporte Van de techo alto de 15 a 19 pasajeros dentro de Bogotá por 12 horas. Modelos recientes, con una antigüedad no mayor a 10 años. | C39: No | D39: UN | E39: 2 | F39: =IFERROR(H39/1.19,0) -> 1021009 | G39: =IFERROR((H39-F39),"") -> 193991.72 | H39: =IFERROR(VLOOKUP(A39,FICHA_2024!$A$2:$F$531,5,0),0) -> 1215000.8 | I39: =IF(C39="Si","Ingrese el porcentaje","%") -> % | J39: =IF(C39="Si",(H39*I39),"$0") -> $0 | K39: =IFERROR(IF(C39="Si",H39-J39,H39*E39),0) -> 2430001.5
B40: =IF(AND(A40>0,A40<534),VLOOKUP(A40,FICHA_2024!$A$2:$B$534,2,0),"Ingrese el numero del item") -> Ingrese el numero del item | C40: No | D40: UN | E40: =IF(A40>0,"Ingrese la cantidad",0) -> 0 | F40: =IFERROR(H40/1.19,0) -> 0 | G40: =IFERROR((H40-F40),"") -> 0 | H40: =IFERROR(VLOOKUP(A40,FICHA_2024!$A$2:$F$531,5,0),0) -> 0 | I40: =IF(C40="Si","Ingrese el porcentaje","%") -> % | J40: =IF(C40="Si",(H40*I40),"$0") -> $0 | K40: =IFERROR(IF(C40="Si",H40-J40,H40*E40),0) -> 0
B41: =IF(AND(A41>0,A41<534),VLOOKUP(A41,FICHA_2024!$A$2:$B$534,2,0),"Ingrese el numero del item") -> Ingrese el numero del item | C41: No | D41: UN | E41: =IF(A41>0,"Ingrese la cantidad",0) -> 0 | F41: =IFERROR(H41/1.19,0) -> 0 | G41: =IFERROR((H41-F41),"") -> 0 | H41: =IFERROR(VLOOKUP(A41,FICHA_2024!$A$2:$F$531,5,0),0) -> 0 | I41: =IF(C41="Si","Ingrese el porcentaje","%") -> % | J41: =IF(C41="Si",(H41*I41),"$0") -> $0 | K41: =IFERROR(IF(C41="Si",H41-J41,H41*E41),0) -> 0
J42: Total | K42: =K3+K4+K5+K6+K7+K8+K9+K10+K11+K12+K13+K14+K15+K16+K17+K18+K19+K20+K21+K22+K23+K24+K25+K26+K27+K28+K29+K30+K31+K32+K33+K34+K35+K36+K37+K38+K39 -> 137386950

Sheet Media Torta Día 2
A1: DESCRIPCIÓN DEL EVENTO | B1: FESTIVAL CENTRO 2025
A2: ITEM | B2: DESCRIPCION | C2: APLICA DESCUENTO ITEM XX-XXX | D2: UNIDAD DE MEDIDA | E2: CANTIDAD | F2: VALOR SIN IVA | G2: IVA | H2: VALOR TOTAL CON IVA | I2: DESCUENTO | J2: VALOR A DESCONTAR | K2: TOTAL VALOR A FACTURAR | L2: OBSERVACIONES DEL SERVICIO
A3: 343 | B3: =IF(AND(A3>0,A3<534),VLOOKUP(A3,FICHA_2024!$A$2:$B$534,2,0),"Ingrese el numero del item") -> OPERADOR LOGÍSTICO que deberá cumplir con los requisitos específicos, experiencia, nivel académico y cursos de acuerdo a lo señalado en las especificaciones técnicas, por 8 horas // 1. Requisitos específicos: a) Deben ser personas con actitud de servicio, responsables, cumplidos y con excelente presentación personal. b) Estar debidamente uniformados. e) Cumplir con las funciones asignadas como equipo de primera intervención dentro del Plan de Emergencia de la Fundación. 2. Nivel académico: Mayores de edad que sean profesionales o estudiantes universitarios. 3. Cursos: a) Primeros auxilios. 10 horas. b) En temas de planes de emergencia y contingencia. 20 horas. c) Capacitación en normas de etiqueta y protocolo. 10 horas. | C3: No | D3: UN | E3: 4 | F3: =IFERROR(H3/1.19,0) -> 391433.19 | G3: =IFERROR((H3-F3),"") -> 74372.307 | H3: =IFERROR(VLOOKUP(A3,FICHA_2024!$A$2:$F$531,5,0),0) -> 465805.5 | I3: =IF(C3="Si","Ingrese el porcentaje","%") -> % | J3: =IF(C3="Si",(H3*I3),"$0") -> $0 | K3: =IFERROR(IF(C3="Si",H3-J3,H3*E3),0) -> 1863222
A4: 342 | B4: =IF(AND(A4>0,A4<534),VLOOKUP(A4,FICHA_2024!$A$2:$B$534,2,0),"Ingrese el numero del item") -> OPERADOR LOGÍSTICO DE PROTOCOLO que deberá cumplir con los requisitos específicos, experiencia, nivel académico y cursos de acuerdo a lo señalado en las especificaciones técnicas, por 8 horas // 1. Requisitos específicos: a) Deben ser personas con actitud de servicio, responsables, cumplidos y con excelente presentación personal. b) Estar debidamente uniformados. e) Cumplir con las funciones asignadas como equipo de primera intervención dentro del Plan de Emergencia de la Fundación. 2. Nivel académico: Mayores de edad que sean profesionales o estudiantes universitarios. 3. Cursos: a) Primeros auxilios. 10 horas. b) En temas de planes de emergencia y contingencia. 20 horas. c) Capacitación en normas de etiqueta y protocolo. 10 horas. | C4: No | D4: UN | E4: 4 | F4: =IFERROR(H4/1.19,0) -> 292724.37 | G4: =IFERROR((H4-F4),"") -> 55617.63 | H4: =IFERROR(VLOOKUP(A4,FICHA_2024!$A$2:$F$531,5,0),0) -> 348342 | I4: =IF(C4="Si","Ingrese el porcentaje","%") -> % | J4: =IF(C4="Si",(H4*I4),"$0") -> $0 | K4: =IFERROR(IF(C4="Si",H4-J4,H4*E4),0) -> 1393368
A5: 335 | B5: =IF(AND(A5>0,A5<534),VLOOKUP(A5,FICHA_2024!$A$2:$B$534,2,0),"Ingrese el numero del item") -> Personal de carga // Personal de carga x 12 horas | C5: No | D5: UN | E5: 50 | F5: =IFERROR(H5/1.19,0) -> 177092.02 | G5: =IFERROR((H5-F5),"") -> 33647.483 | H5: =IFERROR(VLOOKUP(A5,FICHA_2024!$A$2:$F$531,5,0),0) -> 210739.5 | I5: =IF(C5="Si","Ingrese el porcentaje","%") -> % | J5: =IF(C5="Si",(H5*I5),"$0") -> $0 | K5: =IFERROR(IF(C5="Si",H5-J5,H5*E5),0) -> 10536975
A6: 333 | B6: =IF(AND(A6>0,A6<534),VLOOKUP(A6,FICHA_2024!$A$2:$B$534,2,0),"Ingrese el numero del item") -> Personal de carga // Personal de carga x 4 horas | C6: No | D6: UN | E6: 50 | F6: =IFERROR(H6/1.19,0) -> 80242.437 | G6: =IFERROR((H6-F6),"") -> 15246.063 | H6: =IFERROR(VLOOKUP(A6,FICHA_2024!$A$2:$F$531,5,0),0) -> 95488.5 | I6: =IF(C6="Si","Ingrese el porcentaje","%") -> % | J6: =IF(C6="Si",(H6*I6),"$0") -> $0 | K6: =IFERROR(IF(C6="Si",H6-J6,H6*E6),0) -> 4774425
A7: 335 | B7: =IF(AND(A7>0,A7<534),VLOOKUP(A7,FICHA_2024!$A$2:$B$534,2,0),"Ingrese el numero del item") -> Personal de carga // Personal de carga x 12 horas | C7: No | D7: UN | E7: 4 | F7: =IFERROR(H7/1.19,0) -> 177092.02 | G7: =IFERROR((H7-F7),"") -> 33647.483 | H7: =IFERROR(VLOOKUP(A7,FICHA_2024!$A$2:$F$531,5,0),0) -> 210739.5 | I7: =IF(C7="Si","Ingrese el porcentaje","%") -> % | J7: =IF(C7="Si",(H7*I7),"$0") -> $0 | K7: =IFERROR(IF(C7="Si",H7-J7,H7*E7),0) -> 842958
A8: 333 | B8: =IF(AND(A8>0,A8<534),VLOOKUP(A8,FICHA_2024!$A$2:$B$534,2,0),"Ingrese el numero del item") -> Personal de carga // Personal de carga x 4 horas | C8: No | D8: UN | E8: 4 | F8: =IFERROR(H8/1.19,0) -> 80242.437 | G8: =IFERROR((H8-F8),"") -> 15246.063 | H8: =IFERROR(VLOOKUP(A8,FICHA_2024!$A$2:$F$531,5,0),0) -> 95488.5 | I8: =IF(C8="Si","Ingrese el porcentaje","%") -> % | J8: =IF(C8="Si",(H8*I8),"$0") -> $0 | K8: =IFERROR(IF(C8="Si",H8-J8,H8*E8),0) -> 381954
A9: 374 | B9: =IF(AND(A9>0,A9<534),VLOOKUP(A9,FICHA_2024!$A$2:$B$534,2,0),"Ingrese el numero del item") -> BRIGADISTA -que deberá cumplir con los requisitos específicos, experiencia, nivel académico y cursos de acuerdo a lo señalado en las especificaciones técnicas, por 6 horas // 1. Requisitos específicos: a) Contar con los distintivos y elementos básicos que los caracterice como brigadistas. c) Controlar emergencias en su fase incipiente, es decir donde su integridad física no se ponga en peligro. 2. Nivel Académico: Mayores de edad que sean profesionales o estudiantes universitarios. 3. Cursos: Debe tener certificaciones de cursos en: a) Primeros auxilios. Diez (10) horas. b) En temas de planes de emergencia y contingencia. Veinte (20) horas. c) Capacitación en normas de etiqueta y protocolo. Diez (10) horas d) Contar con el carné de brigadista vigente. e) Capacitación del cuerpo de bomberos de Bogotá. 4. Experiencia Requerida: Superior a dos (2) años en ejecución de labores de rescate | C9: No | D9: UN | E9: 6 | F9: =IFERROR(H9/1.19,0) -> 218229.83 | G9: =IFERROR((H9-F9),"") -> 41463.668 | H9: =IFERROR(VLOOKUP(A9,FICHA_2024!$A$2:$F$531,5,0),0) -> 259693.5 | I9: =IF(C9="Si","Ingrese el porcentaje","%") -> % | J9: =IF(C9="Si",(H9*I9),"$0") -> $0 | K9: =IFERROR(IF(C9="Si",H9-J9,H9*E9),0) -> 1558161
A10: 345 | B10: =IF(AND(A10>0,A10<534),VLOOKUP(A10,FICHA_2024!$A$2:$B$534,2,0),"Ingrese el numero del item") -> Operario para montaje y desmontaje por 8 horas, con dotacion de guantes e identificacion de la empresa. | C10: No | D10: UN | E10: 6 | F10: =IFERROR(H10/1.19,0) -> 137751.68 | G10: =IFERROR((H10-F10),"") -> 26172.819 | H10: =IFERROR(VLOOKUP(A10,FICHA_2024!$A$2:$F$531,5,0),0) -> 163924.5 | I10: =IF(C10="Si","Ingrese el porcentaje","%") -> % | J10: =IF(C10="Si",(H10*I10),"$0") -> $0 | K10: =IFERROR(IF(C10="Si",H10-J10,H10*E10),0) -> 983547
A11: 378 | B11: =IF(AND(A11>0,A11<534),VLOOKUP(A11,FICHA_2024!$A$2:$B$534,2,0),"Ingrese el numero del item") -> AMBULANCIA BÁSICA: Servicio / 12 Horas. De incluir equipos y personal en salud certificado por las normativas vigentes y combustible. | C11: No | D11: UN | E11: 1 | F11: =IFERROR(H11/1.19,0) -> 1642924.8 | G11: =IFERROR((H11-F11),"") -> 312155.71 | H11: =IFERROR(VLOOKUP(A11,FICHA_2024!$A$2:$F$531,5,0),0) -> 1955080.5 | I11: =IF(C11="Si","Ingrese el porcentaje","%") -> % | J11: =IF(C11="Si",(H11*I11),"$0") -> $0 | K11: =IFERROR(IF(C11="Si",H11-J11,H11*E11),0) -> 1955080.5
A12: 380 | B12: =IF(AND(A12>0,A12<534),VLOOKUP(A12,FICHA_2024!$A$2:$B$534,2,0),"Ingrese el numero del item") -> AMBULANCIA MEDICALIZADA: Servicio / 12 Horas De incluir equipos y personal en salud certificado por las normativas vigentes y combustible. | C12: No | D12: UN | E12: 1 | F12: =IFERROR(H12/1.19,0) -> 1958850 | G12: =IFERROR((H12-F12),"") -> 372181.5 | H12: =IFERROR(VLOOKUP(A12,FICHA_2024!$A$2:$F$531,5,0),0) -> 2331031.5 | I12: =IF(C12="Si","Ingrese el porcentaje","%") -> % | J12: =IF(C12="Si",(H12*I12),"$0") -> $0 | K12: =IFERROR(IF(C12="Si",H12-J12,H12*E12),0) -> 2331031.5
A13: 370 | B13: =IF(AND(A13>0,A13<534),VLOOKUP(A13,FICHA_2024!$A$2:$B$534,2,0),"Ingrese el numero del item") -> SERVICIO DE SALUD // Servicio de salud autorizado para la realización de espectáculos públicos o aglomeraciones, conforme el decreto 599 de 2013, modificado parcialmente por el decreto distrital 622 de 2016, y la resolución 569 de 2014 y/o con la normativa que las adicione, modifique o sustituya. Condiciones del servicio requerido: Termino de 6 horas. Número de auxiliares de enfermería 4 Número de médicos 1 Número de Mec 1 fijo . establecido para la evaluación y asistencia médica inicial con el apoyo de dos auxiliares de enfermería, donde se categoriza la condición clínica del paciente o lesionado y se inicia o continua la atención médica, la estabilización del lesionado y la preparación para el traslado del afectado a una institución de salud durante una aglomeración de público o en situaciones de emergencia o desastre, el cual debe cumplir con los requisitos mínimos exigidos SDS . Los recursos de los Módulos de Estabilización y Clasificación MEC (humanos, medicamentos, dispositivos médicos, insumos y equipos) serán independientes de los ubicados en las ambulancias asignadas al evento. | C13: No | D13: UN | E13: 2 | F13: =IFERROR(H13/1.19,0) -> 3290785.7 | G13: =IFERROR((H13-F13),"") -> 625249.29 | H13: =IFERROR(VLOOKUP(A13,FICHA_2024!$A$2:$F$531,5,0),0) -> 3916035 | I13: =IF(C13="Si","Ingrese el porcentaje","%") -> % | J13: =IF(C13="Si",(H13*I13),"$0") -> $0 | K13: =IFERROR(IF(C13="Si",H13-J13,H13*E13),0) -> 7832070
A14: 375 | B14: =IF(AND(A14>0,A14<534),VLOOKUP(A14,FICHA_2024!$A$2:$B$534,2,0),"Ingrese el numero del item") -> BRIGADISTA DE SALUD certificado -que deberá cumplir con los requisitos específicos, experiencia, nivel académico y cursos de acuerdo a lo señalado en las especificaciones técnicas, por 6 horas // 1. Requisitos específicos: a) Contar con los distintivos y elementos básicos que los caracterice como brigadistas. b) Administrar primeros auxilios básicos, a nivel de una primera respuesta, necesarios para estabilizar una víctima de accidente o enfermedad súbita, que ocurra dentro de las instalaciones. c) Controlar emergencias en su fase incipiente, es decir donde su integridad física no se ponga en peligro. 2. Nivel Académico: Mayores de edad que sean profesionales o estudiantes universitarios. 3. Cursos: Debe tener certificaciones de cursos en: a) Primeros auxilios. Diez (10) horas. b) En temas de planes de emergencia y contingencia. Veinte (20) horas. c) Capacitación en normas de etiqueta y protocolo. Diez (10) horas d) Contar con el carné de brigadista vigente. e) Capacitación del cuerpo de bomberos de Bogotá.4. Experiencia Requerida: Superior a dos (2) años en ejecución de labores de rescate | C14: No | D14: UN | E14: 12 | F14: =IFERROR(H14/1.19,0) -> 208494.96 | G14: =IFERROR((H14-F14),"") -> 39614.042 | H14: =IFERROR(VLOOKUP(A14,FICHA_2024!$A$2:$F$531,5,0),0) -> 248109 | I14: =IF(C14="Si","Ingrese el porcentaje","%") -> % | J14: =IF(C14="Si",(H14*I14),"$0") -> $0 | K14: =IFERROR(IF(C14="Si",H14-J14,H14*E14),0) -> 2977308
... A38: 303 | B38: =IF(AND(A38>0,A38<534),VLOOKUP(A38,FICHA_2024!$A$2:$B$534,2,0),"Ingrese el numero del item") -> Servicio de transporte Van de techo alto de 15 a 19 pasajeros dentro de Bogotá por 12 horas. Modelos recientes, con una antigüedad no mayor a 10 años. | C38: No | D38: UN | E38: 2 | F38: =IFERROR(H38/1.19,0) -> 1021009 | G38: =IFERROR((H38-F38),"") -> 193991.72 | H38: =IFERROR(VLOOKUP(A38,FICHA_2024!$A$2:$F$531,5,0),0) -> 1215000.8 | I38: =IF(C38="Si","Ingrese el porcentaje","%") -> % | J38: =IF(C38="Si",(H38*I38),"$0") -> $0 | K38: =IFERROR(IF(C38="Si",H38-J38,H38*E38),0) -> 2430001.5
B39: =IF(AND(A39>0,A39<534),VLOOKUP(A39,FICHA_2024!$A$2:$B$534,2,0),"Ingrese el numero del item") -> Ingrese el numero del item | C39: No | D39: UN | E39: =IF(A39>0,"Ingrese la cantidad",0) -> 0 | F39: =IFERROR(H39/1.19,0) -> 0 | G39: =IFERROR((H39-F39),"") -> 0 | H39: =IFERROR(VLOOKUP(A39,FICHA_2024!$A$2:$F$531,5,0),0) -> 0 | I39: =IF(C39="Si","Ingrese el porcentaje","%") -> % | J39: =IF(C39="Si",(H39*I39),"$0") -> $0 | K39: =IFERROR(IF(C39="Si",H39-J39,H39*E39),0) -> 0
J40: Total | K40: =K3+K4+K5+K6+K7+K8+K9+K10+K11+K12+K13+K14+K15+K16+K17+K18+K19+K20+K21+K22+K23+K24+K25+K26+K27+K28+K29+K30+K31+K32+K33+K34+K35+K36+K37+K38 -> 91152548

Sheet TOTAL
B3: Muelle | D3: CNA | G3: Plazoleta CNA | H3: Media Torta
B4: Dia 1 | C4: Dia 2 | D4: Dia 1 | E4: Dia 2 | F4: Dia 3 | G4: Dia 1 | H4: Dia 1 | I4: Dia 2
B5: ='Muelle día 1'!K29 -> 28654850 | C5: ='Muelle día 2'!K29 -> 28410326 | D5: ='CNA Día 1'!K22 -> 66265982 | E5: ='CNA Día 2'!K31 -> 48665986 | F5: ='CNA Día 3'!K17 -> 31999496 | G5: ='Plazoleta CNA'!K35 -> 67463863 | H5: ='Media Torta Día 1'!K42 -> 137386950 | I5: ='Media Torta Día 2'!K40 -> 91152548
B7: Total | C7: =B5+C5 -> 57065176 | D7: Total | E7: =D5+E5+F5 -> 1.4693146e+08 | G7: =G5 -> 67463863 | H7: Total | I7: =H5+I5 -> 2.285395e+08
B11: TOTAL FESTIVAL | C11: =C7+E7+I7+G7 -> 500000000

Sheet Complemento
D1: SUBTOTAL SOLICITADO | F1: 0 | G1: 0 | H1: 0 | I1: 0 | J1: 0 | K1: =+SUM(K13) -> 0
D2: % ADMON. Servicios Especializados | J2: 0.102
D3: TOTAL SOLICITADO | K3: =SUM(K18:K19) -> 0
D5: VALOR TOTAL DEL CONTRATO
D6: VALOR SALDO RESERVAS FUENTE RECURSOS DE LIBRE DESTINACION
D7: VALOR SALDO RESERVAS FUENTE RECURSOS DEL DISTRITO
D8: VALOR DEL CONTRATO PARA EJECUCIÓN 20XX
D9: VALOR SOLICITUD No. XX
D10: VALOR SOLICITUD No. XX
D11: SALDO DEL CONTRATO A LA FECHA
B14: Vb | F14: Vb | J14: Vb
B15: Nombre: | C15: LUKAS GUTIERREZ ROJAS | F15: Nombre: | G15: HERNÁN ALBERTO AYALA MORENO | J15: Nombre: | K15: FREDDY E RAMIREZ
B16: Cargo: | C16: Productor - SGC | F16: Cargo: | G16: Productor - SAC | J16: Cargo: | K16: Supervisor
